 Dungeon Crawl Stone Soup version 0.27.1-3-gb3d3a73c9e (webtiles) character file.

Game seed: 13679992760219696872

22459939 Nebukadnezar the Slayer (level 27, 271/271 HPs)
             Began as a Demigod Earth Elementalist on Oct 18, 2021.
             Escaped with the Orb
             ... and 15 runes on Oct 20, 2021!
             The game lasted 15:49:10 (67384 turns).

Nebukadnezar the Slayer (DgEE)                     Turns: 67384, Time: 15:49:11

Health: 271/271    AC: 22    Str: 30    XL:     27
Magic:  51/51      EV: 19    Int: 48    God:
Gold:   5886       SH: 20    Dex: 12    Spells: 1/62 levels left

rFire    + + +     SeeInvis +   z - +3 Elemental Staff {rElec rF++ rC++ Will++ AC+5}
rCold    + + +     Faith    .   N - +5 kite shield {reflect}
rNeg     + . .     Spirit   .   A - +0 leather armour of Unook {rElec Int+5}
rPois    +         Reflect  +   Y - +2 helmet {SInv}
rElec    +         Harm     .   u - +2 cloak {rCorr}
rCorr    +         Rampage  .   q - +2 pair of gloves {archery}
Will     +++++                  f - +2 pair of boots of Sif Muna's Delight {Slay+5}
Stlth    ++........             X - amulet of regeneration
HPRegen  1.55/turn              R - ring "Cesoh" {rF++ Str+5 Int+6}
MPRegen  0.32/turn              j - ring "Puiphemefaj" {rPois rN+ Will+}

@: studying 4 skills
A: high mp 1, forlorn, clumsy 1, cold resistance 1, deformed body, strong-willed
1, screaming 2
0: Orb of Zot
}: 15/15 runes: barnacled, slimy, silver, golden, iron, obsidian, icy, bone,
abyssal, demonic, glowing, magical, fiery, dark, gossamer
a: no special abilities


You escaped.
You visited 17 branches of the dungeon, and saw 88 of its levels.
You visited Pandemonium 1 time, and saw 9 of its levels.
You visited the Abyss 3 times.
You visited 2 ziggurats, and saw 25 of their levels (deepest: 14).
You also visited: Trove, Bailey and Wizlab.

You collected 10356 gold pieces.
You spent 4470 gold pieces at shops.

Inventory:

Hand Weapons
 b - a +9 trishula of holy wrath
 i - a +9 broad axe of freezing
 z - the +3 Elemental Staff (weapon) {rElec rF++ rC++ Will++ AC+5}
   (You took it off a yaktaur captain on level 5 of the Vaults)

   If the wielder is skilled in Evocations, they can discharge powerful blasts
   of elemental energy when striking with it.
   It enhances your fire, ice, earth and air magic.
   AC:        It affects your AC (+5).
   rF:        It greatly protects you from fire.
   rC:        It greatly protects you from cold.
   rElec:     It insulates you from electricity.
   Will:      It greatly increases your willpower.
Missiles
 a - 16 silver boomerangs
 c - 30 silver javelins (quivered)
 k - 7 throwing nets
 Q - 19 curare-tipped darts
 U - 5 boomerangs of dispersal
Armour
 f - the +2 pair of boots of Sif Muna's Delight (worn) {Slay+5}
   (You found it in a treasure trove)

   Slay:      It affects your accuracy & damage with ranged weapons and melee
   (+5).
 q - a +2 pair of gloves of archery (worn)
 u - a +2 cloak of preservation (worn)
 A - the +0 leather armour of Unook (worn) {rElec Int+5}
   (You bought it in a shop on level 2 of the Orcish Mines)

   Int:       It affects your intelligence (+5).
   rElec:     It insulates you from electricity.
 N - a +5 kite shield of reflection (worn)
 Y - a +2 helmet of see invisible (worn)
Jewellery
 j - the ring "Puiphemefaj" (right hand) {rPois rN+ Will+}
   (You found it on level 3 of the Elven Halls)

   [ring of willpower]

   rPois:     It protects you from poison.
   rN:        It protects you from negative energy.
   Will:      It increases your willpower.
 x - the ring of Xietajir {rPois rC+ Dex+2}
   (You bought it in a shop on level 3 of the Shoals)

   [ring of poison resistance]

   Dex:       It affects your dexterity (+2).
   rC:        It protects you from cold.
   rPois:     It protects you from poison.
 L - the ring "Niyr" {Drain rElec rPois rF++ Dex+6}
   (You took it off Asmodeus on level 7 of Gehenna)

   [ring of dexterity]

   Dex:       It affects your dexterity (+6).
   rF:        It greatly protects you from fire.
   rElec:     It insulates you from electricity.
   rPois:     It protects you from poison.
   Drain:     It drains your maximum health when unequipped.
 R - the ring "Cesoh" (left hand) {rF++ Str+5 Int+6}
   (You found it in a treasure trove)

   [ring of intelligence]

   Str:       It affects your strength (+5).
   Int:       It affects your intelligence (+6).
   rF:        It greatly protects you from fire.
 X - an amulet of regeneration (around neck)
 Z - the ring of Accord {rN+ Int+7}
   (You took it off a necromancer on level 3 of the Crypt)

   [ring of positive energy]

   Int:       It affects your intelligence (+7).
   rN:        It protects you from negative energy.
Wands
 o - a wand of charming (47)
 p - a wand of digging (11)
 r - a wand of iceblast (18)
 v - a wand of paralysis (36)
 C - a wand of acid (77)
Scrolls
 y - 9 scrolls of fear
 D - 10 scrolls of fog
 M - 4 scrolls of summoning
 O - 17 scrolls of teleportation
 P - 3 scrolls of holy word
 S - 4 scrolls of blinking
 V - 2 scrolls of vulnerability
Potions
 g - 10 potions of berserk rage
 h - 2 potions of haste
 m - 2 potions of might
 n - 14 potions of mutation
 s - 5 potions of heal wounds
 t - 3 potions of resistance
 w - 28 potions of curing
 B - 3 potions of flight
 E - 2 potions of invisibility
 G - 2 potions of lignification
 I - 4 potions of attraction
 J - 4 potions of cancellation
 K - 4 potions of ambrosia
Miscellaneous
 d - a box of beasts
 e - the horn of Geryon
 l - a condenser vane
 F - a tin of tremorstones (2/2)
 H - a phantom mirror


   Skills:
 + Level 26.8 Fighting
 - Level 20.0 Axes
 - Level 12.0 Staves
 - Level 16.0 Throwing
 - Level 11.0 Armour
 - Level 17.0 Dodging
 - Level 15.0 Stealth
 - Level 15.0 Shields
 - Level 18.0 Spellcasting
 - Level 2.0 Conjurations
 - Level 8.0 Hexes
 - Level 4.0 Summonings
 - Level 17.0 Necromancy
 - Level 3.0 Translocations
 - Level 2.0 Transmutations
 - Level 17.0 Fire Magic
 - Level 15.0 Earth Magic
 - Level 13.0 Evocations


You had one spell level left.
You knew the following spells:

 Your Spells              Type           Power      Damage    Failure   Level
a - Apportation           Tloc           100%       N/A       1%          1
b - Blink                 Tloc           N/A        N/A       1%          2
c - Statue Form           Tmut/Erth      74%        N/A       2%          6
d - Invisibility          Hex            44%        N/A       2%          6
e - Lee's Rapid Deconstr  Erth           68%        3d32*     1%          5
f - Infestation           Necr           58%        N/A       3%          8
g - Passage of Golubria   Tloc           N/A        N/A       1%          4
h - Haunt                 Necr/Summ      48%        N/A       5%          7
i - Ignition              Fire           71%        3d19      3%          8
j - Wereblood             Tmut           58%        N/A       1%          2
p - Portal Projectile     Hex/Tloc       100%       N/A       1%          3
s - Sublimation of Blood  Necr           58%        N/A       0%          2
v - Borgnjor's Vile Clut  Necr/Erth      69%        N/A       1%          5
w - Passwall              Tmut/Erth      93%        N/A       1%          2

Your spell library contained the following spells:

 Spells                   Type           Power      Damage    Failure   Level
 Animate Skeleton         Necr           100%       N/A       0%          1
 Foxfire                  Conj/Fire      100%       2x1d9     0%          1
 Pain                     Necr           100%       1d9       0%          1
 Sandblast                Erth           100%       2d20      0%          1
 Beastly Appendage        Tmut           100%       N/A       1%          1
 Corona                   Hex            97%        N/A       1%          1
 Freeze                   Ice            100%       1d11      1%          1
 Magic Dart               Conj           100%       1d8       1%          1
 Shock                    Conj/Air       100%       1d9       1%          1
 Sting                    Tmut/Pois      100%       1d8       1%          1
 Summon Small Mammal      Summ           100%       N/A       1%          1
 Inner Flame              Hex/Fire       100%       N/A       0%          3
 Vampiric Draining        Necr           58%        2d14      0%          3
 Animate Dead             Necr           58%        N/A       0%          4
 Dispel Undead            Necr           100%       3d31      0%          4
 Agony                    Necr           100%       N/A       0%          5
 Excruciating Wounds      Necr           58%        N/A       0%          5
 Corpse Rot               Necr/Air       N/A        N/A       1%          2
 Ensorcelled Hibernation  Hex/Ice        100%       N/A       1%          2
 Poisonous Vapours        Pois/Air       100%       N/A       1%          2
 Searing Ray              Conj           100%       3d7       1%          2
 Slow                     Hex            88%        N/A       1%          2
 Static Discharge         Conj/Air       68%        N/A       1%          2
 Call Canine Familiar     Summ           69%        N/A       1%          3
 Confusing Touch          Hex            88%        N/A       1%          3
 Conjure Flame            Conj/Fire      100%       6-21      1%          3
 Dazzling Flash           Conj/Hex       100%       N/A       1%          3
 Frozen Ramparts          Ice            100%       1d12      1%          3
 Gell's Gravitas          Tloc           32%        N/A       1%          3
 Ignite Poison            Fire/Tmut/Pois 100%       N/A       1%          3
 Lesser Beckoning         Tloc           32%        N/A       1%          3
 Mephitic Cloud           Conj/Pois/Air  65%        N/A       1%          3
 Ozocubu's Armour         Ice            59%        N/A       1%          3
 Spider Form              Tmut/Pois      25%        N/A       1%          3
 Stone Arrow              Conj/Erth      100%       3d13      1%          3
 Summon Guardian Golem    Hex/Summ       79%        N/A       1%          3
 Swiftness                Air            59%        N/A       1%          3
 Teleport Other           Tloc           64%        N/A       1%          3
 Tukima's Dance           Hex            88%        N/A       1%          3
 Animate Armour           Summ/Erth      100%       N/A       1%          4
 Cause Fear               Hex            44%        N/A       1%          4
 Fulminant Prism          Conj/Hex       37%        3d18      1%          4
 Iskenderun's Mystic Bla  Conj/Tloc      61%        2d13      1%          4
 Leda's Liquefaction      Hex/Erth       62%        N/A       1%          4
 Petrify                  Tmut/Erth      100%       N/A       1%          4
 Sticky Flame             Conj/Fire      100%       2d11      1%          4
 Summon Ice Beast         Ice/Summ       76%        N/A       1%          4
 Summon Lightning Spire   Summ/Air       76%        N/A       1%          4
 Bolt of Magma            Conj/Fire/Erth 74%        4d28      1%          5
 Fireball                 Conj/Fire      58%        3d22      1%          5
 Summon Mana Viper        Hex/Summ       79%        N/A       1%          5
 Yara's Violent Unravell  Hex/Tmut       37%        3d15      1%          5
 Death Channel            Necr           58%        N/A       1%          6
 Starburst                Conj/Fire      58%        6d15      1%          6
 Metabolic Englaciation   Hex/Ice        44%        N/A       2%          5
 Silence                  Hex/Air        44%        N/A       2%          5
 Iron Shot                Conj/Erth      56%        9d11      2%          6
 Simulacrum               Ice/Necr       56%        N/A       2%          6
 Hailstorm                Conj/Ice       68%        3d14      3%          4
 Ice Form                 Ice/Tmut       68%        N/A       3%          4
 Manifold Assault         Tloc           64%        N/A       3%          5
 Summon Forest            Summ/Tloc      33%        N/A       3%          5
 Borgnjor's Revivificati  Necr           58%        N/A       3%          8
 Airstrike                Air            29%        N/A       4%          4
 Blade Hands              Tmut           29%        N/A       6%          5
 Irradiate                Conj/Tmut      29%        3d23      6%          5
 Iskenderun's Battlesphe  Conj           58%        2d11      6%          5
 Alistair's Intoxication  Tmut/Pois      34%        N/A       9%          5
 Freezing Cloud           Conj/Ice/Air   42%        6-21      11%         5
 Shadow Creatures         Summ           N/A        N/A       14%         6
 Death's Door             Necr           58%        N/A       41%         9
 Conjure Ball Lightning   Conj/Air       34%        3x3d11    43%         6
 Eringya's Noxious Bog    Tmut/Pois      25%        N/A       43%         6
 Necromutation            Tmut/Necr      47%        N/A       54%         8
 Monstrous Menagerie      Summ           34%        N/A       61%         7
 Summon Hydra             Summ           34%        N/A       61%         7
 Lehudib's Crystal Spear  Conj/Erth      56%        10d13     67%         8
 Shatter                  Erth           68%        3d50*     71%         9
 Spellforged Servitor     Conj/Summ      32%        N/A       75%         7
 Discord                  Hex            44%        N/A       75%         8
 Dragon Form              Tmut           29%        N/A       87%         7
 Orb of Destruction       Conj           29%        9d11      87%         7
 Storm Form               Tmut/Air       34%        N/A       95%         7
 Disjunction              Tloc           32%        N/A       100%        8
 Maxwell's Capacitive Co  Air            29%        ∞         100%        8
 Chain Lightning          Conj/Air       34%        3d45      100%        9
 Dragon's Call            Summ           34%        N/A       100%        9
 Fire Storm               Conj/Fire      58%        8d15      100%        9
 Polar Vortex             Ice            29%        N/A       100%        9


Dungeon Overview and Level Annotations

Branches:
Dungeon (15/15)            Temple (0/1) D:7            Lair (6/6) D:9
 Shoals (4/4) Lair:2       Spider (4/4) Lair:4        Slime (5/5) Lair:5
    Orc (2/2) D:10            Elf (3/3) Orc:2        Vaults (5/5) D:13
  Crypt (3/3) Vaults:2       Tomb (3/3) Crypt:3      Depths (5/5) D:15
   Hell (visited)             Dis (7/7) Hell            Geh (7/7) Hell
    Coc (7/7) Hell            Tar (7/7) Hell            Zot (5/5) Depths:5
 Bailey (visited)          WizLab (visited)

Shops:
D:4 [   D:5 **   D:12 (   Orc:2 [[   Elf:2 [   Elf:3 =   Shoals:3 *:
Vaults:2 [   Vaults:4 :   Depths:1 :*

Portals:
Hell: Depths:2 Depths:3 Depths:5
Abyss: Depths:1 Depths:3 Depths:4
Pandemonium: Depths:3 Depths:5

Annotations:
D:9 exclusion: oklob plant
Shoals:1 3 runed translucent doors, Zipteul's ghost, adept NaBe; raph's ghost, adept MfGl
Elf:2 3 runed translucent doors
Crypt:2 2 transporters, Nyubb's ghost, veteran MiGl; Ydoquluy's ghost, veteran GrEE
Tar:7 Ereshkigal


Innate Abilities, Weirdness & Mutations

Your attributes grow dramatically as you level up.
You have an increased reservoir of magic. (+10% MP)
You shall have no god before yourself.
You are clumsy. (Dex -2)
Your flesh is cold resistant. (rC+)
Armour fits poorly on your strangely shaped body.
You are strong-willed. (Will+)
You frequently scream uncontrollably at your foes.


Message History

You feel a surge of power!
You begin to meditate on the wall.
You continue meditating on the rock. x2
The tentacled monstrosity tentacle-slaps you!
The tentacled monstrosity tentacle-slaps you but does no damage. x2
You block the tentacled monstrosity's attack.
You finish merging with the rock.
Unknown command.
There is a stone staircase leading up here.
You block the rust devil's attack.
You climb upwards.
There is a stone staircase leading down here.
Casting: Passwall (safe; 1% risk of failure)
Confirm with . or Enter, or press ? or * to list all spells.
Aiming: Borgnjor's Vile Clutch (safe; 1% risk of failure)
Press: ? - help, Shift-Dir - straight line, f - rust devil
Aim: a rust devil (100% to hit)
You feel a surge of power!
Zombie hands grab the rust devil.
The zombie hands constrict the rust devil!
You block the rust devil's attack.
You hit the rust devil. You crush the rust devil!!
The rust devil is severely wounded.
The zombie hands constrict the rust devil!
You block the rust devil's attack.
You hit the rust devil but do no damage.
You electrocute the rust devil.
You kill the rust devil!
No target in view!
(D) Dungeon (T) Temple (L) Lair (A) Shoals (N) Spider Nest (M) Slime Pits (O) Orcish Mines (E) Elven Halls (V) Vaults (C) Crypt (W) Tomb (U) Depths (H) Hell (I) Dis (G) Gehenna (X) Cocytus (Y) Tartarus (Z) Zot
Where to? (Enter - D:1 @ (x,y), ? - help)
There is a stone staircase leading down here.
Magic restored.
There is an escape hatch in the ceiling here.
A mysterious force pulls you upwards. The hatch slams shut behind you.
There is a staircase leading out of the dungeon here.
You have escaped!

#.# ### # #####
##### ##### # #...#
#...# #...# # #...#
#...# #.♣.#
###...###...###...#
..................#
................@.#
..................#
###...###...###...#
# #.^.# #...# #.♣.#
# #...# #...# #...#
# ##### ##### #####


There were no monsters in sight!

Vanquished Creatures
  Cerebov (Pan)
  the Royal Jelly (Slime:5)
  Antaeus (Coc:7)
  Gloorx Vloq (Pan)
  Lom Lobon (Pan)
  the Serpent of Hell (Dis:7)
  Mnoleg (Pan)
  9 ancient liches
  A dread lich (Vaults:5)
  4 orbs of fire (Zot:5)
  Dispater (Dis:7)
  Mara (Depths:4)
  Mennas (Crypt:2)
  2 juggernauts
  Sojobo (Tomb:2)
  7 royal mummies
  7 Killer Klowns
  5 golden dragons
  A curse toe (Zot:3)
  Nikola (Vaults:1)
  A pandemonium lord (Pan)
  2 electric golems (Zot:5)
  4 bone dragons
  2 doom hounds
  Arachne (Spider:2)
  2 iron giants (Dis:7)
  8 Brimstone Fiends
  3 hellephants
  Rupert (Vaults:3)
  12 Tzitzimimeh
  7 Ice Fiends
  6 liches
  8 Hell Sentinels
  9 tentacled monstrosities
  Asterion (Vaults:1)
  2 deep elf master archers (Elf:3)
  2 deep elf blademasters (Elf:3)
  22 Orb Guardians (Zot:5)
  Murray (Hell)
  12 acid blobs
  9 titans
  14 ancient champions
  5 tentacled starspawn
  7 quicksilver dragons
  16 Executioners
  Frances (Shoals:2)
  2 death cobs
  14 sphinxes
  Kirke (Spider:2)
  4 storm dragons
  6 tengu reavers
  2 warmongers
  Roxanne (Elf:2)
  10 shadow dragons
  A draconian monk (Depths:5)
  9 revenants
  3 azure jellies
  3 rockslimes
  6 nagarajas
  A frost giant (shapeshifter) (Zig:11)
  6 fire giants
  7 frost giants
  2 draconian knights
  Ilsuiw (Shoals:2)
  2 draconian scorchers
  2 blood saints
  10 balrugs
  9 ghost moths
  Louise (Elf:3)
  3 orc warlords
  4 deep elf sorcerers
  5 iron dragons
  10 cacodemons
  14 vault wardens
  5 emperor scorpions
  7 draconian annihilators
  2 deep elf elementalists
  3 draconian shifters
  5 draconian stormcallers
  16 ironbound preservers
  5 war gargoyles
  2 spriggan defenders
  4 curse skulls
  10 very ugly things
  27 reapers
  12 stone giants
  2 elemental wellsprings (Coc:7)
  5 deep elf demonologists
  The ghost of toffzen the Spry, a journeyman SpBe of Trog (Spider:1)
  9 quicksilver oozes
  A corrupter (Zig:9)
  3 green draconians
  17 vampire knights
  15 deep elf annihilators
  7 black draconians
  2 lorocyprocas (Pan)
  2 white draconians
  3 entropy weavers
  11 dire elephants
  5 purple draconians
  A spark wasp (shapeshifter) (Zig:10)
  3 red draconians
  8 spark wasps
  Azrael (Elf:2)
  6 yellow draconians
  3 orange crystal statues
  6 ettins
  3 crystal guardians
  16 mummy priests
  6 green deaths
  2 quicksilver dragon zombies
  6 merfolk javelineers
  3 eidola
  4 jiangshi
  7 merfolk impalers
  4 deep elf death magi
  6 ironbound thunderhulks
  A kraken zombie (Coc:4)
  2 fire dragons
  7 blizzard demons
  2 peacekeepers
  19 yaktaur captains
  6 deep elf high priests
  2 monstrous demonspawn
  17 hydras
  3 naga warriors
  A great orb of eyes (Vaults:4)
  4 ogre magi
  8 ice dragons
  19 vault guards
  2 spriggan air magi
  2 hell beasts (Hell)
  2 rakshasas
  6 ironbound frosthearts
  10 boulder beetles
  A quicksilver dragon skeleton (Hell)
  4 merfolk avatars
  39 death scarabs
  13 centaur warriors
  8 merfolk aquamancers
  5 death knights
  A ghost crab (Zig:4)
  3 satyrs (Shoals:3)
  2 alligator snapping turtles (Shoals:3)
  2 anacondas
  8 vampire magi
  11 dancing weapons
  6 death yaks
  15 hell hogs
  4 deep troll shamans
  5 orc high priests
  9 thrashing horrors
  4 two-headed ogres
  An ironbound beastmaster (Vaults:1)
  9 tengu warriors
  3 spriggan berserkers
  3 deep troll earth magi
  21 soul eaters
  2 titan zombies
  3 naga sharpshooters
  20 hell knights
  13 deep elf knights
  14 sun demons
  2 spriggans (Depths:2)
  7 wretched stars
  10 shadow wraiths
  A storm dragon zombie (Tar:6)
  A spectral death yak (Lair:6)
  4 titan skeletons
  12 sixfirhies
  A fire crab (shapeshifter) (D:15)
  An iron troll (Depths:1)
  46 skeletal warriors
  A storm dragon skeleton (Coc:7)
  A quicksilver dragon simulacrum (Vaults:3)
  A gelid demonspawn (Depths:3)
  12 sea snakes
  12 deep elf archers
  4 glowing orange brains
  13 shadow demons
  A torturous demonspawn (Pan)
  An anaconda skeleton (Coc:7)
  3 golden dragon zombies
  A spectral anaconda (Lair:6)
  An anaconda zombie (Tar:3)
  38 deep trolls
  2 shadow dragon zombies
  8 bog bodies
  2 obsidian statues
  2 naga ritualists
  2 lindwurms (Vaults:1)
  11 wizards
  9 flayed ghosts
  10 phantasmal warriors
  13 ironbound convokers
  12 orc knights
  16 necromancers
  34 harpies
  A swamp dragon (shapeshifter) (D:15)
  2 golden dragon skeletons
  24 deep elf zephyrmancers
  17 orb spiders
  2 mana vipers
  12 orc sorcerers
  26 deep elf pyromancers
  A sphinx zombie (Zig:5)
  2 shining eyes (shapeshifter)
  2 iron dragon zombies
  40 wolf spiders
  A fire giant zombie (Tar:6)
  49 ugly things
  5 shining eyes (Pan)
  17 manticores
  19 fauns
  2 worldbinders
  17 cyclopes
  16 large abominations
  30 elephants
  2 salamanders (shapeshifter)
  A sphinx skeleton (Zig:10)
  2 stone giant zombies
  2 fire giant skeletons
  2 tengu skeletons
  3 stone giant skeletons
  Maurice (Orc:2)
  A frost giant skeleton (Coc:7)
  8 moths of wrath
  13 merfolk sirens
  10 rust devils
  2 apocalypse crabs
  A dire elephant zombie (Dis:7)
  10 black mambas
  3 eyes of devastation
  7 naga magi
  7 guardian serpents
  A storm dragon simulacrum (Abyss:3)
  20 vault sentinels
  8 water nymphs
  5 ice statues
  10 cane toads
  2 torpor snails
  A gargoyle (D:13)
  3 molten gargoyles
  A spectral swamp worm (Tar:7)
  7 orange demons
  A cane toad (shapeshifter) (D:15)
  An elf skeleton (Zig:7)
  3 efreet
  Psyche (D:11)
  14 smoke demons
  44 yaktaurs
  Maggie (D:7)
  3 unseen horrors
  16 hellions
  2 dire elephant skeletons
  A yaktaur (shapeshifter) (Depths:2)
  26 guardian mummies
  19 freezing wraiths
  9 komodo dragons
  8 tengu conjurers
  A rime drake (Lair:5)
  15 tormentors
  11 demonic crawlers
  11 hellwings
  7 ancient zymes
  10 ice devils
  2 anaconda simulacra
  10 meliai
  9 red devils
  4 hydra zombies
  A yaktaur skeleton (Vaults:3)
  4 silent spectres
  A harpy skeleton (Crypt:3)
  4 wind drakes
  8 trolls
  21 merfolk
  20 blink frogs
  38 jumping spiders
  A hydra skeleton (Hell)
  A polar bear (Lair:2)
  10 hornets
  3 alligator zombies
  8 dream sheep
  2 spectral elephants (Lair:6)
  8 raiju
  44 slime creatures
  13 snapping turtles
  A fire dragon zombie (Dis:7)
  2 ice dragon zombies
  A hornet (shapeshifter) (Depths:3)
  A jumping spider zombie (Crypt:2)
  45 flying skulls
  2 ettin zombies
  A centaur simulacrum (D:15)
  5 ettin skeletons
  3 air elementals
  67 redbacks
  15 shadows
  2 ice dragon skeletons
  5 ushabtiu
  24 starcursed masses
  32 tarantellas
  13 wraiths
  13 water elementals
  2 vampires
  7 ynoxinuls
  2 spriggans (shapeshifter) (D:15)
  11 fire elementals
  6 golden eyes
  5 wyverns
  4 basilisks
  2 chaos spawn
  3 fire dragon skeletons
  49 yaks
  3 hogs (Spider:2)
  9 neqoxecs
  16 vampire mosquitoes
  A steam dragon (D:7)
  2 death yak simulacra (Lair:6)
  3 spatial vortices (Abyss:3)
  2 wargs
  2 spectral cane toads (Lair:6)
  2 nagas
  2 cane toad zombies
  21 hell hounds
  12 water moccasins
  2 ogre skeletons
  A floating eye (Depths:3)
  42 orc warriors
  A cane toad skeleton (Crypt:3)
  5 ice beasts
  2 sky beasts
  2 ettin simulacra
  6 ogres
  A manticore zombie (Dis:7)
  A black bear (D:8)
  26 wolves
  6 centaurs
  A boggart (Elf:1)
  9 necrophages
  3 elephant zombies
  2 phantoms
  A centaur (shapeshifter) (Vaults:5)
  A snapping turtle skeleton (Pan)
  A swamp dragon skeleton (Geh:3)
  3 kobold brigands
  A komodo dragon zombie (Lair:3)
  2 earth elementals (Elf:1)
  11 bullfrogs
  A gnoll sergeant (D:8)
  9 small abominations
  7 scorpions
  3 cane toad simulacra (Lair:6)
  A wyvern skeleton (Crypt:3)
  3 elephant simulacra (Lair:6)
  2 spriggan zombies
  A troll skeleton (Tar:3)
  A snapping turtle simulacrum (Abyss:3)
  4 electric eels (Lair:3)
  3 howler monkeys (D:9)
  43 wights
  A crimson imp (Geh:3)
  A bullfrog zombie (D:6)
  A centaur zombie (D:6)
  2 hounds
  A quasit (Abyss:3)
  A centaur skeleton (D:5)
  5 jellies
  A basilisk zombie (Lair:3)
  A bullfrog skeleton (D:5)
  20 orc priests
  A gnoll shaman (D:6)
  11 iron imps
  4 iguanas
  31 orc wizards
  4 hell rats
  33 mummies
  A howler monkey zombie (D:5)
  7 gnolls
  7 adders
  9 shadow imps
  9 white imps
  2 ufetubi
  2 worms
  2 dart slugs (D:5)
  85 orcs
  4 ball pythons
  8 bats
  6 endoplasms
  4 giant cockroaches
  3 goblins
  11 hobgoblins
  4 jackals
  3 quokkas
  3 training dummies (D:12)
  7 frilled lizards
  13 kobolds
  An orc zombie (Dis:7)
  2 quokka skeletons
  22 rats
  2 lurking horrors (Abyss:4)
  5 starspawn tentacles
  A tentacle (Coc:4)
3029 creatures vanquished.

Vanquished Creatures (collateral kills)
  Asmodeus (Geh:7)
  A pandemonium lord (Zig:12)
  A dread lich (Zig:9)
  4 ancient liches
  11 royal mummies
  A juggernaut (Zig:14)
  A Killer Klown (Zot:3)
  Geryon (Hell)
  4 golden dragons
  Jory (Tomb:2)
  A doom hound (Tar:6)
  6 Tzitzimimeh
  10 bone dragons
  7 Brimstone Fiends
  11 tentacled monstrosities
  A Hell Sentinel (Zig:12)
  5 liches
  A titan (Depths:3)
  6 Ice Fiends
  3 Orb Guardians (Zot:5)
  2 sphinxes
  2 acid blobs (Slime:5)
  5 Executioners
  2 quicksilver dragons
  4 ancient champions
  2 death cobs
  2 eldritch tentacles (Pan)
  3 tentacled starspawn
  2 storm dragons
  3 shadow dragons
  2 revenants
  3 tengu reavers
  6 rockslimes
  2 nagarajas
  13 balrugs
  2 azure jellies (Slime:5)
  6 frost giants
  An iron dragon (Dis:7)
  A ghost moth (Zig:2)
  5 cacodemons
  2 fire giants
  2 deep elf sorcerers
  A draconian knight (Zig:13)
  An emperor scorpion (Zig:4)
  3 orc warlords (Zig:14)
  Aizul (Depths:2)
  A vault warden (Vaults:5)
  2 draconian shifters
  A draconian stormcaller (Zig:13)
  3 curse skulls
  26 very ugly things
  3 draconian annihilators
  A spriggan defender (Depths:5)
  3 quicksilver oozes
  24 reapers
  10 stone giants
  2 black draconians (Zig:13)
  A green draconian (Zot:4)
  3 starcursed masses
  9 war gargoyles
  6 vampire knights
  2 lorocyprocas
  2 bennus (Tomb:3)
  A deep elf annihilator (Vaults:5)
  2 purple draconians (Zot:4)
  3 yellow draconians
  3 white draconians
  7 eidola
  2 dire elephants (Abyss:3)
  6 spark wasps (Depths:2)
  3 deep elf death magi
  6 ettins
  4 jiangshi
  12 blizzard demons
  A green death (Pan)
  5 fire dragons
  A deep elf high priest (Depths:3)
  A spectral kraken (Tar:7)
  6 mummy priests
  5 great orbs of eyes
  2 rakshasas
  5 salamander tyrants
  15 vault guards (Vaults:5)
  2 yaktaur captains (Vaults:5)
  2 naga warriors
  9 ice dragons
  3 deep troll shamans (Depths:2)
  A satyr (Zig:6)
  2 tengu warriors
  6 deep troll earth magi
  A death yak (shapeshifter) (Zig:10)
  4 vampire magi
  4 dancing weapons (Dis:7)
  32 hell knights
  2 titan zombies
  2 naga sharpshooters (Zig:9)
  A shock serpent (shapeshifter) (Vaults:5)
  7 hell hogs
  11 large abominations
  17 soul eaters
  2 iron golems
  4 storm dragon zombies
  15 sun demons
  6 titan skeletons
  58 skeletal warriors
  A wretched star (Abyss:3)
  10 iron trolls
  A spark wasp zombie (Zig:4)
  2 sixfirhies
  A salamander mystic (Depths:1)
  3 storm dragon skeletons
  4 golden dragon zombies
  A spatial maelstrom (Abyss:3)
  An anaconda zombie (Crypt:3)
  7 shadow demons
  4 flayed ghosts
  9 deep trolls
  6 bog bodies (Coc:7)
  3 anaconda skeletons
  4 shadow dragon zombies
  4 iron dragon zombies
  A wizard (Depths:1)
  15 necromancers
  A tengu zombie (Zig:5)
  12 phantasmal warriors
  2 wolf spider zombies
  32 ugly things
  A shadow dragon skeleton (Geh:7)
  2 moths of wrath
  An orb spider (Spider:4)
  3 stone giant zombies
  A cyclops (Zig:14)
  4 frost giant zombies
  5 salamanders
  4 shining eyes
  A frost giant skeleton (Geh:7)
  An orc sorcerer (Abyss:4)
  A black mamba (shapeshifter) (Vaults:5)
  3 fire giant zombies (Geh:7)
  3 iron dragon skeletons
  A black mamba (Zig:7)
  A guardian serpent (Abyss:4)
  4 dire elephant zombies
  20 rust devils
  6 smoke demons
  2 vault sentinels (Vaults:5)
  2 fire giant skeletons
  A shock serpent zombie (Crypt:1)
  3 orange demons (Pan)
  An apocalypse crab (Zig:9)
  8 spectral swamp worms (Tar:7)
  11 molten gargoyles
  A dire elephant skeleton (Coc:7)
  8 hellions
  A catoblepas zombie (Coc:5)
  A pale draconian zombie (Crypt:2)
  A white draconian zombie (Crypt:1)
  An emperor scorpion zombie (Coc:7)
  9 freezing wraiths
  A red draconian zombie (Crypt:1)
  26 guardian mummies
  7 ice devils
  17 tormentors
  2 anaconda simulacra
  2 efreet
  3 tengu conjurers
  12 hellwings
  A death yak skeleton (Crypt:1)
  2 jumping spiders (Crypt:3)
  2 harpy zombies
  5 hydra zombies
  A merfolk (Shoals:2)
  3 sea snake skeletons (Hell)
  15 red devils
  4 hydra skeletons
  A harpy skeleton (Coc:4)
  A hornet (Depths:2)
  35 slime creatures
  A deep troll zombie (Zig:1)
  2 ice dragon zombies
  An alligator zombie (Coc:5)
  4 ettin zombies
  A black mamba zombie (Dis:2)
  A fire dragon skeleton (Tar:2)
  A satyr zombie (Crypt:1)
  2 fire dragon zombies (Crypt:3)
  An alligator skeleton (Coc:4)
  2 redbacks
  4 water elementals
  A spriggan (Depths:5)
  17 wraiths
  3 ice dragon skeletons
  4 ynoxinuls (Pan)
  27 flying skulls
  A dire elephant simulacrum (Coc:2)
  An elf zombie (Zig:7)
  3 small abominations
  6 shadows
  21 ushabtiu
  A black mamba skeleton (Crypt:1)
  A wind drake skeleton (Crypt:2)
  2 golden eyes (Pan)
  A chaos spawn (Pan)
  A fire elemental (Geh:7)
  6 neqoxecs (Pan)
  3 spatial vortices (Abyss:3)
  2 nagas (Zig:9)
  4 cane toad zombies (Coc:7)
  11 hell hounds
  A torturous demonspawn skeleton (Crypt:3)
  A hydra simulacrum (Hell)
  6 ice beasts
  A floating eye (Depths:3)
  A cane toad skeleton (Coc:5)
  A snapping turtle zombie (Dis:7)
  7 necrophages
  4 manticore zombies
  5 snapping turtle skeletons
  A komodo dragon skeleton (Crypt:1)
  An earth elemental (Abyss:4)
  7 wyvern skeletons (Crypt:3)
  A shapeshifter zombie (Crypt:1)
  16 wights
  5 crimson imps
  A centaur skeleton (Dis:2)
  5 iron imps
  A human skeleton (Tomb:1)
  An orc wizard (Zig:14)
  7 hell rats (Hell)
  An ogre zombie (Geh:7)
  An ogre skeleton (Tar:7)
  18 mummies
  A shadow imp (Tar:6)
  2 white imps
  A worm zombie (Crypt:2)
  An iguana skeleton (Crypt:2)
  A jackal zombie (Crypt:1)
  A kobold zombie (Crypt:3)
  A starspawn tentacle (Abyss:1)
  2 tentacles
1150 creatures vanquished.

Vanquished Creatures (others)
  A draconian shifter (Zig:13)
  A green death (Pan)
  2 hell hogs
  A sun demon (Hell)
  A sixfirhy (Pan)
  An anaconda skeleton (Geh:7)
  A deep elf zephyrmancer (Elf:2)
  A manticore (Shoals:3)
  A moth of wrath (Zot:4)
  A shining eye (Abyss:4)
  A hellion (Geh:3)
  A tormentor (Dis:7)
  A water elemental (Hell)
  2 humans (Spider:2)
  2 small abominations
  A sky beast (Abyss:3)
  A manticore skeleton (Geh:7)
  4 hell rats
  4 fire vortices (Pan)
  49 fungi
  2 lurking horrors (Abyss:4)
  152 plants
  16 starspawn tentacles
  9 tentacles
  65 withered plants
321 creatures vanquished.

Grand Total: 4500 creatures vanquished

Notes
Turn   | Place    | Note
-------+----------+-------------------------------------------
     0 | D:1      | Nebukadnezar the Demigod Earth Elementalist began the quest
                  | for the Orb.
     0 | D:1      | Reached XP level 1. HP: 14/14 MP: 5/5
   291 | D:1      | Reached XP level 2. HP: 20/20 MP: 2/7
   294 | D:1      | Learned a level 2 spell: Passwall
   906 | D:2      | Reached XP level 3. HP: 26/26 MP: 6/8
   910 | D:2      | Learned a level 3 spell: Stone Arrow
  1822 | D:3      | Reached XP level 4. HP: 33/33 MP: 6/9
  2057 | D:3      | Reached skill level 1 in Conjurations
  2317 | D:3      | Reached skill level 1 in Fighting
  2490 | D:4      | Reached XP level 5. HP: 38/40 MP: 2/12
  2696 | D:4      | Reached skill level 5 in Earth Magic
  2834 | D:4      | Reached skill level 2 in Fighting
  2834 | D:4      | Reached XP level 6. HP: 48/48 MP: 3/13
  2902 | D:4      | Reached skill level 1 in Throwing
  2936 | D:4      | Found Jearergh's Antique Armour Boutique.
  2945 | D:4      | Bought a runed hat for 154 gold pieces
  3422 | D:4      | Learned a level 4 spell: Petrify
  3470 | D:4      | Reached skill level 1 in Transmutations
  3652 | D:5      | Entered Level 5 of the Dungeon
  3770 | D:5      | Reached XP level 7. HP: 41/55 MP: 14/16
  4384 | D:5      | Found Zumam's Specific Store.
  4386 | D:5      | Found Buarr's General Store.
  4402 | D:5      | Bought a potion of curing for 33 gold pieces
  4665 | D:5      | Reached skill level 3 in Fighting
  4676 | D:5      | Identified the +7 dagger "Keoreonk" {spect, rC+}
  4757 | D:5      | Bought a wand of flame (15) for 93 gold pieces
  4856 | D:6      | Noticed a vampire
  4860 | D:6      | Reached skill level 1 in Evocations
  5054 | D:6      | Killed a vampire
  5055 | D:6      | Reached skill level 4 in Fighting
  5055 | D:6      | Reached XP level 8. HP: 62/66 MP: 10/17
  5175 | D:6      | Reached skill level 5 in Fighting
  5468 | D:6      | Learned a level 5 spell: Lee's Rapid Deconstruction
  5683 | D:5      | Bought a scroll of magic mapping for 38 gold pieces
  5683 | D:5      | Bought a scroll of identify for 22 gold pieces
  5683 | D:5      | Bought a scroll of identify for 22 gold pieces
  5800 | D:7      | Reached skill level 6 in Fighting
  5875 | D:7      | Noticed Maggie
  5899 | D:7      | Killed Maggie
  6071 | D:7      | Reached XP level 9. HP: 75/75 MP: 12/18
  6449 | D:7      | Found a staircase to the Ecumenical Temple.
  6452 | D:7      | Reached skill level 5 in Spellcasting
  6701 | D:7      | Learned a level 3 spell: Swiftness
  6817 | D:8      | Reached skill level 1 in Axes
  6817 | D:8      | Reached skill level 1 in Armour
  6828 | D:8      | Noticed a two-headed ogre
  6839 | D:8      | Killed a two-headed ogre
  7074 | D:8      | Reached XP level 10. HP: 83/83 MP: 13/22
  8003 | D:9      | Noticed an oklob plant
  8068 | D:10     | Entered Level 10 of the Dungeon
  8153 | D:10     | Found a staircase to the Orcish Mines.
  8234 | D:10     | Reached skill level 1 in Shields
  8403 | D:10     | Noticed a two-headed ogre
  8409 | D:10     | Killed a two-headed ogre
  8760 | D:11     | Noticed Psyche
  8762 | D:11     | Killed Psyche
  8848 | D:11     | Reached skill level 10 in Earth Magic
  9015 | D:11     | Noticed a four-headed hydra
  9018 | D:11     | Killed a four-headed hydra
  9019 | D:11     | Reached XP level 11. HP: 89/89 MP: 18/25
  9378 | D:4      | Bought a pair of glowing gloves for 165 gold pieces
  9391 | D:4      | Bought a cloak for 99 gold pieces
  9550 | D:9      | Found a staircase to the Lair.
  9560 | D:9      | Learned a level 2 spell: Sublimation of Blood
  9564 | Lair:1   | Entered Level 1 of the Lair of Beasts
  9569 | Lair:1   | Noticed a five-headed hydra
  9711 | Lair:1   | Identified the +5 whip of Myneuh {vamp, rElec rC+ rN+
                  | Int+4}
  9912 | Lair:1   | Killed a five-headed hydra
  9995 | Lair:1   | Reached skill level 5 in Axes
 10255 | Lair:2   | Reached skill level 5 in Throwing
 10501 | Lair:2   | Reached skill level 1 in Necromancy
 10637 | Lair:2   | Noticed a death yak
 10637 | Lair:2   | Noticed a death yak
 10657 | Lair:2   | Killed a death yak
 10783 | Lair:2   | Found a staircase to the Shoals.
 10857 | Lair:2   | Noticed a death yak
 10875 | Lair:2   | Killed a death yak
 10876 | Lair:2   | Reached XP level 12. HP: 96/96 MP: 12/26
 11454 | Lair:3   | Noticed a four-headed hydra
 11494 | Lair:3   | Killed a four-headed hydra
 11553 | Lair:3   | Reached skill level 7 in Fighting
 11846 | Lair:3   | Noticed a six-headed hydra
 11857 | Lair:3   | Killed a six-headed hydra
 11939 | Lair:3   | Reached skill level 8 in Fighting
 12350 | Lair:4   | Learned a level 3 spell: Vampiric Draining
 12420 | Lair:4   | You fall into a shaft and drop 1 floor!
 12722 | Lair:5   | Reached XP level 13. HP: 107/107 MP: 18/29
 12808 | Lair:4   | Found a hole to the Spider Nest.
 13322 | Lair:5   | Found a staircase to the Slime Pits.
 13376 | Lair:6   | Entered Level 6 of the Lair of Beasts
 13582 | Lair:6   | Identified the +1 flail "Rar Woch" {vorpal, rC+ rCorr
                  | Str-3}
 13810 | Lair:6   | Reached skill level 9 in Fighting
 14855 | D:12     | Found Geojau's Firing Range.
 14946 | D:12     | You fall into a shaft and drop 1 floor!
 15670 | D:13     | Reached skill level 5 in Evocations
 15688 | D:13     | Reached XP level 14. HP: 107/118 MP: 2/31
 15990 | D:13     | Noticed an ironbound preserver
 16017 | D:13     | Killed an ironbound preserver
 16050 | D:13     | Found a gate to the Vaults.
 16285 | D:14     | Found a portal to a secret trove of treasure.
 16600 | D:15     | Entered Level 15 of the Dungeon
 16685 | D:11     | // 6 blink-scrolls for trove
 16791 | Lair:1   | Learned a level 4 spell: Animate Armour
 16836 | Orc:1    | Entered Level 1 of the Orcish Mines
 16931 | Orc:1    | Found a flagged portal.
 16947 | Orc:1    | Noticed an orc warlord
 16966 | Orc:1    | Killed an orc warlord
 17036 | Bailey   | Entered a bailey
 17104 | Bailey   | Learned a level 4 spell: Animate Dead
 17293 | Bailey   | Identified the +4 gold dragon scales of Bielepry {rPois rF+
                  | rC+ Dex+2}
 17538 | Orc:1    | You fall into a shaft and drop 1 floor!
 17538 | Orc:2    | Entered Level 2 of the Orcish Mines
 17714 | Orc:2    | Reached skill level 5 in Dodging
 18074 | Orc:2    | Noticed Maurice
 18087 | Orc:2    | Killed Maurice
 18205 | Orc:2    | Found a staircase to the Elven Halls.
 18380 | Orc:2    | Reached skill level 10 in Spellcasting
 18426 | Orc:2    | Found Mopif's Magic Scroll Shoppe.
 18426 | Orc:2    | Found Vurchon's Antique Armour Shoppe.
 18427 | Orc:2    | Found Jithiel's Distillery.
 18434 | Orc:2    | Found Miskegix's Antique Armour Shop.
 18470 | Orc:2    | Bought a scroll of amnesia for 42 gold pieces
 18470 | Orc:2    | Bought a scroll of teleportation for 36 gold pieces
 18470 | Orc:2    | Bought a scroll of teleportation for 36 gold pieces
 18470 | Orc:2    | Bought a scroll of identify for 24 gold pieces
 18470 | Orc:2    | Bought a scroll of identify for 24 gold pieces
 18470 | Orc:2    | Bought a scroll of identify for 24 gold pieces
 18470 | Orc:2    | Bought a scroll of identify for 24 gold pieces
 18482 | Orc:2    | Bought a buzzing leather armour for 175 gold pieces
 18482 | Orc:2    | Identified the +0 leather armour of Unook {rElec Int+5}
                  | (You bought it in a shop on level 2 of the Orcish Mines)
 18482 | Orc:2    | Bought a scorched ring mail for 225 gold pieces
 18482 | Orc:2    | Identified the +4 ring mail "Gaihir" {Contam rElec Dex+4}
                  | (You bought it in a shop on level 2 of the Orcish Mines)
 18484 | Orc:2    | Bought a potion of heal wounds for 80 gold pieces
 18494 | Orc:2    | Bought a scroll of amnesia for 42 gold pieces
 18640 | Lair:1   | Identified a scroll of acquirement
 19488 | Lair:5   | Reached skill level 5 in Necromancy
 19798 | Lair:6   | Identified the ring "Doatorr" {rN+ Str+4}
 19933 | Lair:6   | Reached XP level 15. HP: 89/124 MP: 5/33
 20263 | D:15     | Reached skill level 5 in Armour
 20660 | D:15     | Found a staircase to the Depths.
 21233 | D:15     | Reached skill level 10 in Necromancy
 21480 | D:15     | Identified the +2 scimitar of the Bespelling Genius {spect,
                  | rN+}
 21520 | D:15     | Noticed a fire giant
 21527 | D:15     | Killed a fire giant
 21559 | D:15     | Noticed a fire giant
 21565 | D:15     | Killed a fire giant
 21666 | D:15     | Reached XP level 16. HP: 105/132 MP: 19/35
 21972 | Spider:1 | Entered Level 1 of the Spider Nest
 21974 | Spider:1 | Found a transporter.
 21984 | Spider:1 | Found a transporter.
 22037 | Spider:1 | Reached skill level 5 in Shields
 22128 | Spider:1 | Noticed toffzen's ghost (journeyman SpBe)
 22385 | Lair:4   | // not working without sinv/inv
 22464 | Lair:1   | Acquired a staff of earth
 22519 | Shoals:1 | Entered Level 1 of the Shoals
 22804 | Shoals:1 | Found a runed translucent gate.
 22804 | Shoals:1 | Found a runed translucent gate.
 22804 | Shoals:1 | Found a runed translucent gate.
 22804 | Shoals:1 | Noticed raph's ghost (adept MfGl)
 22806 | Shoals:1 | Noticed Zipteul's ghost (adept NaBe)
 23731 | Shoals:2 | Noticed Ilsuiw
 23743 | Shoals:2 | Noticed Frances
 23945 | Shoals:2 | Killed Ilsuiw
 24039 | Shoals:2 | Killed Frances
 24040 | Shoals:2 | Reached skill level 10 in Shields
 24291 | Shoals:3 | Found Sesuompi's Assorted Antiques.
 24966 | Spider:1 | Killed toffzen's ghost
 25333 | Spider:2 | Noticed Kirke
 25337 | Spider:2 | Killed Kirke
 25337 | Spider:2 | Noticed Arachne
 25357 | Spider:2 | Killed Arachne
 25358 | Spider:2 | Reached XP level 17. HP: 116/137 MP: 8/36
 27277 | Spider:4 | Entered Level 4 of the Spider Nest
 27718 | Shoals:3 | Reached skill level 10 in Evocations
 27903 | Shoals:3 | Bought a scroll of teleportation for 93 gold pieces
 27903 | Shoals:3 | Bought a transparent ivory ring for 155 gold pieces
 27903 | Shoals:3 | Identified the ring of Xietajir {rPois rC+ Dex+2} (You
                  | bought it in a shop on level 3 of the Shoals)
 28456 | Shoals:3 | Found Tuive's Book Boutique.
 28728 | Shoals:4 | Entered Level 4 of the Shoals
 29422 | Shoals:4 | Identified the +5 scimitar "Unuvihuw" {protect, rF++ MP+9
                  | Int+2}
 29741 | Shoals:4 | Got a barnacled rune of Zot
 29780 | Shoals:4 | Reached XP level 18. HP: 127/145 MP: 26/37
 30183 | Lair:1   | Learned a level 6 spell: Invisibility
 30496 | Spider:4 | Reached skill level 1 in Hexes
 31052 | Spider:4 | Identified the ring "Hoisch" {rC+ EV+4 Str+6}
 31629 | Spider:4 | Got a gossamer rune of Zot
 31951 | Elf:1    | Entered Level 1 of the Elven Halls
 32540 | Elf:1    | Found a gateway to a bazaar.
 32927 | Elf:1    | Reached skill level 5 in Hexes
 33077 | Elf:2    | Noticed Azrael
 33360 | Elf:2    | Killed Azrael
 33374 | Elf:2    | Identified Roxanne's Grimoire of Transmutation
 33374 | Elf:2    | Noticed Roxanne
 33436 | Elf:2    | Found a magical portal.
 33447 | WizLab   | Entered Wucad Mu's Monastery
 33535 | WizLab   | Found the +9 staff of Wucad Mu {*channel}
 33580 | WizLab   | Reached XP level 19. HP: 151/151 MP: 35/38
 33747 | Elf:2    | Found Idosid's Armour Shop.
 33880 | Elf:2    | Killed Roxanne
 33935 | Elf:2    | Found a runed translucent gate.
 33936 | Elf:2    | Found a runed translucent gate.
 33937 | Elf:2    | Found a runed translucent gate.
 33977 | Elf:3    | Entered Level 3 of the Elven Halls
 33988 | Elf:3    | Paralysed by an air elemental for 1 turns
 34100 | Elf:3    | Found Renaeshruf's Jewellery Boutique.
 34180 | Elf:3    | Reached XP level 20. HP: 100/161 MP: 23/39
 34278 | Elf:3    | Reached skill level 10 in Fighting
 34336 | Elf:3    | Paralysed by an air elemental for 1 turns
 34347 | Elf:3    | Noticed Louise
 34352 | Elf:3    | Killed Louise
 34364 | Elf:3    | Reached skill level 15 in Shields
 34511 | Elf:3    | // attraction or not ?
 34581 | Elf:3    | Reached skill level 11 in Fighting
 34609 | Elf:3    | Identified the +9 long sword of Parts Unknown {pain,
                  | Stlth+}
 34763 | Elf:3    | Identified the ring "Puiphemefaj" {rPois rN+ Will+}
 35312 | Elf:3    | Identified the +5 battleaxe of Honesty {vorpal, rCorr
                  | Stlth+}
 35414 | Elf:3    | Bought the ring "Xeskamue" {rElec rPois rCorr} for 725 gold
                  | pieces
 35581 | Orc:2    | Bought a potion of flight for 48 gold pieces
 35581 | Orc:2    | Bought 2 potions of might for 128 gold pieces
 35581 | Orc:2    | Bought 2 potions of lignification for 96 gold pieces
 35581 | Orc:2    | Bought a potion of curing for 48 gold pieces
 35581 | Orc:2    | Bought a potion of might for 64 gold pieces
 35581 | Orc:2    | Bought 2 potions of curing for 96 gold pieces
 35581 | Orc:2    | Bought a potion of curing for 48 gold pieces
 35581 | Orc:2    | Bought a potion of flight for 48 gold pieces
 35591 | Orc:2    | Bought a scroll of enchant weapon for 90 gold pieces
 35591 | Orc:2    | Bought a scroll of enchant armour for 90 gold pieces
 35591 | Orc:2    | Bought a scroll of enchant weapon for 90 gold pieces
 35737 | Lair:1   | Learned a level 1 spell: Apportation
 35822 | Vaults:1 | Entered Level 1 of the Vaults
 36461 | Vaults:1 | Noticed Asterion
 36467 | Vaults:1 | Killed Asterion
 36490 | Vaults:1 | Noticed Nikola
 36527 | Vaults:1 | Killed Nikola
 36921 | Vaults:1 | Identified the +6 whip of Perversion {vorpal, Str+4 Int+5}
 37518 | Vaults:2 | Found Ruzikeinutu's Antique Armour Shoppe.
 37527 | Vaults:2 | Bought a pair of embroidered boots for 285 gold pieces
 37874 | Vaults:2 | Reached XP level 21. HP: 173/173 MP: 23/41
 38042 | Vaults:2 | Reached skill level 15 in Earth Magic
 38049 | Vaults:2 | Found a staircase to the Crypt.
 38095 | Vaults:2 | Reached skill level 12 in Fighting
 38379 | Vaults:2 | You fall into a shaft and drop 2 floors!
 38381 | Vaults:4 | Found Paugo's Book Emporium.
 38386 | Vaults:4 | Bought a book of Unlife for 468 gold pieces
 38392 | Vaults:4 | Learned a level 5 spell: Borgnjor's Vile Clutch
 38721 | Vaults:3 | Identified the +0 scale mail "Piptuan" {rC+}
 38746 | Vaults:3 | Noticed Rupert
 38763 | Vaults:3 | Killed Rupert
 39160 | Vaults:3 | Reached skill level 1 in Translocations
 39373 | Vaults:3 | Reached skill level 15 in Necromancy
 40098 | Vaults:4 | Reached skill level 13 in Fighting
 40245 | Vaults:4 | Identified the +9 dagger "Muep" {venom, rC- Str+3 Dex+4}
 40538 | Vaults:4 | Learned a level 8 spell: Infestation
 40560 | Vaults:5 | Entered Level 5 of the Vaults
 40631 | Vaults:5 | Reached XP level 22. HP: 129/187 MP: 25/45
 40701 | Vaults:5 | Reached skill level 14 in Fighting
 40713 | Vaults:5 | Noticed an ancient lich
 40736 | Vaults:5 | Killed an ancient lich
 40929 | Vaults:5 | Noticed a dread lich
 40933 | Vaults:5 | Killed a dread lich
 40961 | Vaults:5 | Reached skill level 15 in Fighting
 41290 | Vaults:5 | Reached skill level 15 in Spellcasting
 41400 | Vaults:5 | Found the +6 Majin-Bo {vamp, MP+6 Int+6}
 41410 | Vaults:5 | Identified the +2 cloak "Poeteat" {+Inv}
 41421 | Vaults:5 | Got a silver rune of Zot
 41516 | Vaults:5 | Identified the +1 ring mail of the Lost Path {Drain rPois
                  | rN+}
 41574 | Vaults:5 | Identified the +0 plate armour of Impatience {Will+}
 41575 | Vaults:5 | Noticed an ancient lich
 41581 | Vaults:5 | Killed an ancient lich
 42226 | Slime:1  | Entered Level 1 of the Pits of Slime
 42301 | Slime:2  | Gained mutation: You occasionally shout uncontrollably at
                  | your foes. [a shining eye]
 42485 | Slime:4  | Reached skill level 10 in Axes
 42485 | Slime:4  | Reached skill level 10 in Throwing
 42555 | Slime:5  | Entered Level 5 of the Pits of Slime
 42617 | Slime:5  | Noticed the Royal Jelly
 42626 | Slime:5  | Reached XP level 23. HP: 197/199 MP: 48/48
 42677 | Slime:5  | Killed the Royal Jelly
 42733 | Slime:5  | Identified the +1 leather armour of Riehokipp {-Cast rN+
                  | Slay+2}
 42741 | Slime:5  | Got a slimy rune of Zot
 42976 | Lair:1   | Learned a level 2 spell: Blink
 42983 | Lair:1   | Learned a level 6 spell: Statue Form
 42983 | Lair:1   | // infestation, throwing (javelins) worked
 43320 | D:13     | Learned a level 7 spell: Haunt
 43381 | D:14     | You paid a toll of 6 scrolls of blinking to enter a
                  | treasure trove
 43382 | Trove    | Entered a treasure trove
 43389 | Trove    | Identified the +2 broad axe "Weis Seb" {vorpal, Will+
                  | Dex+3}
 43393 | Trove    | Identified the amulet "Pealig" {Reflect -Cast rC+ Str+3
                  | SH+5}
 43403 | Trove    | Identified the +2 pair of boots of Sif Muna's Delight
                  | {Slay+5}
 43405 | Trove    | Identified the ring "Cesoh" {rF++ Str+5 Int+6}
 43551 | Crypt:1  | Entered Level 1 of the Crypt
 43719 | Crypt:1  | Reached skill level 1 in Summonings
 44319 | Crypt:2  | Found a transporter.
 44441 | Crypt:2  | Found a transporter.
 44448 | Crypt:2  | Noticed Nyubb's ghost (veteran MiGl)
 44476 | Crypt:2  | Noticed Ydoquluy's ghost (veteran GrEE)
 44502 | Crypt:3  | Entered Level 3 of the Crypt
 44788 | Crypt:3  | Found a staircase to the Tomb.
 44905 | Crypt:3  | Identified the ring of Accord {rN+ Int+7}
 45004 | Crypt:3  | Noticed an ancient lich
 45009 | Crypt:3  | Killed an ancient lich
 45020 | Crypt:3  | Identified the ring "Xosibob" {Fly rC- rN+ Str+8 Dex-2}
 45022 | Crypt:3  | Got the Disquisition on Unholy Transformation
 45087 | Crypt:3  | Identified the +5 hand axe of Understanding {spect, rElec
                  | Will+ Dex-5}
 45191 | Crypt:3  | Reached skill level 1 in Fire Magic
 45213 | Crypt:3  | Found the amulet of the Four Winds {rN+ Will+++ Clar}
 45486 | D:13     | Learned a level 8 spell: Ignition
 45587 | Depths:1 | Entered Level 1 of the Depths
 45902 | Depths:1 | Found Zuamnun's Book Shop.
 45906 | Depths:1 | Found Edar's Assorted Antiques.
 45924 | Depths:1 | Bought a scroll of blinking for 270 gold pieces
 45924 | Depths:1 | Bought a glowing helmet for 270 gold pieces
 46043 | Depths:1 | You fall into a shaft and drop 1 floor!
 46051 | Depths:2 | Reached skill level 5 in Fire Magic
 46214 | Depths:2 | Noticed Aizul
 46217 | Depths:2 | Killed Aizul
 46221 | Depths:2 | Noticed a juggernaut
 46226 | Depths:2 | Killed a juggernaut
 46415 | Depths:2 | Reached XP level 24. HP: 164/206 MP: 19/49
 46548 | Depths:2 | Reached skill level 10 in Fire Magic
 46601 | Depths:2 | Found a gateway to Hell.
 46969 | Depths:4 | Noticed Mara
 46981 | Depths:4 | Killed Mara
 47057 | Depths:5 | Entered Level 5 of the Depths
 47159 | Depths:5 | Found a one-way gate leading to the halls of Pandemonium.
 47187 | Depths:4 | Found a one-way gate to the infinite horrors of the Abyss.
 48989 | Depths:3 | Found a gateway to a ziggurat.
 49400 | Depths:3 | Reached skill level 15 in Fire Magic
 49438 | Depths:3 | Identified the ring "Destrudunt" {rPois rN+ Will- MP+9}
 49740 | D:13     | Acquired the ring "Ecipirch" {Drain rN+ Int+3 Slay+4}
 49741 | D:13     | Acquired a book of Touch
 49818 | Crypt:2  | Noticed Mennas
 49825 | Crypt:2  | Killed Mennas
 50070 | Tomb:1   | Entered Level 1 of the Tomb of the Ancients
 50210 | Tomb:1   | Noticed a royal mummy
 50215 | Tomb:1   | Killed a royal mummy
 50216 | Tomb:1   | Reached XP level 25. HP: 170/213 MP: 22/49
 50294 | Tomb:1   | Noticed a royal mummy
 50298 | Tomb:1   | Killed a royal mummy
 50431 | Tomb:1   | Noticed a royal mummy
 50436 | Tomb:1   | Killed a royal mummy
 50469 | Tomb:2   | Noticed a royal mummy
 50469 | Tomb:2   | Noticed a royal mummy
 50470 | Tomb:2   | Noticed a royal mummy
 50470 | Tomb:2   | Noticed a royal mummy
 50473 | Tomb:2   | Killed a royal mummy
 50473 | Tomb:2   | Killed a royal mummy
 50474 | Tomb:2   | Killed a royal mummy
 50474 | Tomb:2   | Killed a royal mummy
 50537 | Tomb:2   | Noticed Jory
 50540 | Tomb:2   | Killed Jory
 50683 | Tomb:2   | Noticed Sojobo
 50686 | Tomb:2   | Killed Sojobo
 50771 | Tomb:3   | Entered Level 3 of the Tomb of the Ancients
 50775 | Tomb:3   | Noticed a royal mummy
 50775 | Tomb:3   | Noticed a royal mummy
 50775 | Tomb:3   | Noticed a royal mummy
 50775 | Tomb:3   | Noticed a royal mummy
 50775 | Tomb:3   | Noticed a royal mummy
 50775 | Tomb:3   | Noticed a royal mummy
 50775 | Tomb:3   | Noticed a royal mummy
 50776 | Tomb:3   | Noticed a royal mummy
 50778 | Tomb:3   | // this went extremely bad. Got blinked into the worst part
 50778 | Tomb:3   | Noticed a royal mummy
 50785 | Tomb:3   | Killed a royal mummy
 50786 | Tomb:3   | Reached skill level 10 in Dodging
 50787 | Tomb:3   | Killed a royal mummy
 50790 | Tomb:3   | Killed a royal mummy
 50792 | Tomb:3   | Killed a royal mummy
 50792 | Tomb:3   | Killed a royal mummy
 50792 | Tomb:3   | Killed a royal mummy
 50793 | Tomb:3   | Killed a royal mummy
 50796 | Tomb:3   | Killed a royal mummy
 50797 | Tomb:3   | Killed a royal mummy
 50798 | Tomb:3   | Reached skill level 16 in Fighting
 50832 | Tomb:3   | Got a golden rune of Zot
 50935 | Tomb:3   | Identified the ring of Baicw {rElec rC+ Int+6}
 50996 | Tomb:3   | Identified the +2 short sword of the Spinneret {freeze,
                  | rElec rPois Str+2}
 51127 | Tomb:3   | Identified the ring of Compulsion {rPois rCorr Int-2 Dex+6
                  | Stlth+}
 51131 | Tomb:3   | Identified the amulet "Kiteugur" {Acrobat Str+4}
 51145 | Tomb:3   | Identified the ring "Teofoqes" {Contam rElec rPois Slay+2}
 51150 | Tomb:3   | Identified the +9 battleaxe "Tet Radgh" {freeze, rF+}
 51151 | Tomb:3   | Identified the ring "Picudarue" {MP+9 AC+4 Int+3 Dex-4}
 51152 | Tomb:3   | Identified the +9 eveningstar "Jellyslayer" {drain, rPois
                  | Int+3}
 51163 | Tomb:3   | Identified the ring of Teobonn {rC+ rN+ Will- Str+6 Int+2}
 51185 | Tomb:3   | Identified the +6 rapier of Tuumomut {protect, *Corrode
                  | rElec Dex+4}
 51188 | Tomb:3   | Identified the ring of Untruth {rElec rN+ Dex+4}
 51552 | D:13     | Reached XP level 26. HP: 224/224 MP: 50/50
 51822 | Hell     | Entered the Vestibule of Hell
 51822 | Hell     | Noticed Geryon
 51832 | Hell     | Killed Geryon
 51842 | Hell     | Noticed Murray
 51848 | Hell     | Killed Murray
 51995 | Hell     | Reached XP level 27. HP: 175/231 MP: 32/50
 52473 | Depths:1 | Voluntarily entered the Abyss.
 52578 | Abyss:3  | // rune vault but silenced area, won't go
 53001 | Abyss:4  | // got total sourrounded while threatened :)
 53470 | Depths:1 | Escaped the Abyss
 53471 | Depths:1 | // got out after losing much too much consumables. without
                  | a weapon (staff of elements) my offensive lacks a lot
 53514 | Hell     | Found a gateway to the decaying netherworld of Tartarus.
 53558 | Hell     | Found a gateway to the freezing wastes of Cocytus.
 53615 | Hell     | Found a gateway to the Iron City of Dis.
 53684 | Hell     | Found a gateway to the ashen valley of Gehenna.
 53770 | Depths:1 | Voluntarily entered the Abyss.
 53864 | Abyss:1  | Gained mutation: Armour fits poorly on your strangely
                  | shaped body. [a cacodemon]
 53997 | Abyss:2  | Identified the +9 hunting sling of Jun Rikh {venom, rCorr
                  | Str+5}
 54328 | Abyss:3  | Got an abyssal rune of Zot
 54333 | Depths:1 | Escaped the Abyss
 54365 | Hell     | Learned a level 3 spell: Portal Projectile
 54479 | Zig:1    | Entered Level 1 of a ziggurat
 54492 | Zig:2    | Entered Level 2 of a ziggurat
 54626 | Zig:3    | Entered Level 3 of a ziggurat
 54665 | Zig:4    | Entered Level 4 of a ziggurat
 54680 | Zig:4    | Identified the ring "Qosugog" {Fly rPois rCorr Dex+4}
 54691 | Zig:4    | Identified the +4 short sword "Orodd" {drain, Dex+3}
 54785 | Zig:5    | Entered Level 5 of a ziggurat
 54802 | Zig:5    | Got Ruvvuz's Reference Book on Poisonous Combat Magic
 54840 | Zig:6    | Entered Level 6 of a ziggurat
 54892 | Zig:7    | Entered Level 7 of a ziggurat
 54912 | Zig:7    | Identified the ring of Geib {Will+ MP+9 Str+3}
 54926 | Zig:8    | Entered Level 8 of a ziggurat
 54962 | Zig:8    | Identified the +7 broad axe of Demonkind {venom, MP+9}
 54968 | Zig:8    | Identified the amulet of Xahiuwk {Spirit Fly}
 54969 | Zig:8    | Identified the +10 glaive of Success {flame, Will+}
 54971 | Zig:8    | Identified the +0 ring mail "Oclots" {-Cast rPois Dex+5}
 54985 | Zig:9    | Entered Level 9 of a ziggurat
 54991 | Zig:9    | Paralysed by accursed screaming for 1 turns
 54994 | Zig:9    | Reached skill level 1 in Staves
 54994 | Zig:9    | Noticed a dread lich
 54999 | Zig:9    | Killed a dread lich
 55000 | Zig:9    | Reached skill level 10 in Stealth
 55008 | Zig:9    | Identified the +2 robe of the Endless Bounties {Str+6
                  | Slay+2}
 55040 | Zig:10   | Entered Level 10 of a ziggurat
 55057 | Zig:10   | Noticed an ancient lich
 55061 | Zig:10   | Noticed an ancient lich
 55066 | Zig:10   | Noticed an ancient lich
 55069 | Zig:10   | Killed an ancient lich
 55071 | Zig:10   | Killed an ancient lich
 55073 | Zig:10   | Killed an ancient lich
 55098 | Zig:10   | Reached skill level 17 in Fighting
 55100 | Zig:10   | Identified the ring "Acuc" {rC+ Dex+3}
 55103 | Zig:10   | Identified the ring of Dishonesty {Wiz Will+}
 55151 | Zig:11   | Entered Level 11 of a ziggurat
 55155 | Zig:11   | Noticed Gihetaun the pandemonium lord
 55155 | Zig:11   | Noticed Deusilig the pandemonium lord
 55222 | Hell     | Acquired a book of Armaments
 55223 | Hell     | Acquired the +2 pair of boots "Lung" {rC++}
 55263 | Zig:1    | Entered Level 1 of a ziggurat
 55276 | Zig:1    | Identified the +1 scale mail "Vunicag" {rPois Str+2}
 55279 | Zig:2    | Entered Level 2 of a ziggurat
 55290 | Zig:3    | Entered Level 3 of a ziggurat
 55314 | Zig:4    | Entered Level 4 of a ziggurat
 55328 | Zig:4    | Identified the +6 dire flail of Ashenzari's Regard {chaos,
                  | rPois Will- rCorr Stlth+}
 55347 | Zig:5    | Entered Level 5 of a ziggurat
 55364 | Zig:5    | Identified the ring of the Prince of Darkness {Contam rC+
                  | Dex+6 Stlth+}
 55374 | Zig:5    | Identified the ring "Giosius" {rElec Will- MP+9 Str+2
                  | Stlth+}
 55429 | Zig:6    | Entered Level 6 of a ziggurat
 55486 | Zig:7    | Entered Level 7 of a ziggurat
 55508 | Zig:7    | Identified the +6 halberd of Proximity {protect, +Rage rF-
                  | Int+7 SInv}
 55514 | Zig:7    | Identified the ring of Wootamm {+Blink rPois Str-3 Dex+6}
 55542 | Zig:8    | Entered Level 8 of a ziggurat
 55557 | Zig:8    | Identified the amulet "Navyuwec" {Reflect -Tele rCorr Int-3
                  | Dex+8 SH+5}
 55559 | Zig:8    | Identified the +11 hand axe of the Median {freeze, rPois
                  | Will- Int+6}
 55570 | Zig:8    | Identified the +4 dire flail of Salt {flame, rPois}
 55585 | Zig:9    | Entered Level 9 of a ziggurat
 55594 | Zig:9    | Reached skill level 10 in Staves
 55615 | Zig:9    | Identified the +9 hand axe of Koenwekh {freeze, rN+ Str+4}
 55622 | Zig:9    | Identified the ring "Qezxoome" {rC+ rCorr Dex+2}
 55632 | Zig:9    | Identified the ring of the Curious Servitors {rN+ Int+6}
 55640 | Zig:10   | Entered Level 10 of a ziggurat
 55669 | Zig:10   | Identified the +5 war axe of Wyrd {pain, rPois rN+++ Str-3
                  | Dex-2}
 55765 | Zig:11   | Entered Level 11 of a ziggurat
 55775 | Zig:11   | Noticed an ancient lich
 55783 | Zig:11   | Killed an ancient lich
 55827 | Zig:12   | Entered Level 12 of a ziggurat
 55840 | Zig:12   | Noticed Zuidim the pandemonium lord
 55850 | Zig:12   | Killed Zuidim the pandemonium lord
 55852 | Zig:12   | Found the macabre finger necklace {rN+}
 55858 | Zig:12   | Identified the +7 flail "Xighao" {freeze, rElec rF+ Will+
                  | Int-4}
 55867 | Zig:12   | Identified the +2 great sword "Uforph" {venom, rElec}
 55872 | Zig:12   | Identified the +7 demon trident "Iddude" {freeze, +Blink
                  | rN+ Str-2 Int+3}
 55924 | Zig:13   | Entered Level 13 of a ziggurat
 55959 | Zig:13   | Identified the +2 hat of the Beginning {rElec Int+4}
 56087 | Zig:14   | Entered Level 14 of a ziggurat
 56098 | Zig:14   | Noticed a juggernaut
 56100 | Zig:14   | Noticed a juggernaut
 56105 | Zig:14   | Killed a juggernaut
 56105 | Zig:14   | Killed a juggernaut
 56110 | Zig:14   | Reached skill level 15 in Axes
 56123 | Zig:14   | Reached skill level 18 in Fighting
 56123 | Zig:14   | Reached skill level 15 in Dodging
 56125 | Zig:14   | Reached skill level 15 in Throwing
 56126 | Zig:14   | Identified the +5 morningstar of Tartarus {flame, Will+
                  | rCorr Dex+7}
 56134 | Zig:14   | Identified the +9 great mace of Wesei {vorpal, Str+4}
 56148 | Hell     | Acquired a manual of Armour
 56179 | Tar:1    | Entered Level 1 of Tartarus
 56529 | Tar:3    | You fall into a shaft and drop 2 floors!
 56538 | Tar:5    | Reached skill level 10 in Armour
 56752 | Tar:7    | Entered Level 7 of Tartarus
 57050 | Tar:7    | Identified the +5 trident of Avant Garde Gallantry {vorpal,
                  | *Slow rF+ rCorr Str+2}
 57218 | Tar:7    | Found the +9 scales of the Dragon King {rPois rF+ rC+
                  | Will+}
 57236 | Tar:7    | Noticed Ereshkigal
 57435 | Tar:7    | Got a bone rune of Zot
 57622 | Hell     | Learned a level 4 spell: Passage of Golubria
 57646 | Dis:1    | Entered Level 1 of the Iron City of Dis
 57971 | Dis:3    | Reached skill level 19 in Fighting
 58277 | Dis:7    | Entered Level 7 of the Iron City of Dis
 58502 | Dis:7    | Noticed the Serpent of Hell
 58525 | Dis:7    | Killed the Serpent of Hell
 58729 | Dis:7    | Identified the +5 scale mail "Ytizetih" {Fly rPois rN+}
 59052 | Dis:7    | Identified the amulet of Uviuzont {Acrobat rPois rN+ Int-2
                  | Slay+3}
 59093 | Dis:7    | Reached skill level 20 in Fighting
 59470 | Dis:7    | Identified the ring "Miefosm" {rPois Dex+4}
 59474 | Dis:7    | Identified the ring of Daisies {Fire rPois}
 59494 | Dis:7    | Found the +4 staff of Dispater
 59494 | Dis:7    | Noticed Dispater
 59645 | Dis:7    | Killed Dispater
 59654 | Dis:7    | Got an iron rune of Zot
 59820 | Coc:1    | Entered Level 1 of Cocytus
 60283 | Coc:7    | Entered Level 7 of Cocytus
 60687 | Coc:7    | Noticed Antaeus
 60715 | Coc:7    | Killed Antaeus
 60890 | Coc:7    | Got an icy rune of Zot
 61078 | Geh:1    | Entered Level 1 of Gehenna
 61334 | Geh:6    | You fall into a shaft and drop 1 floor!
 61334 | Geh:7    | Entered Level 7 of Gehenna
 61596 | Geh:7    | Reached skill level 21 in Fighting
 61684 | Geh:7    | Identified the ring "Oteqith" {Ice Fly}
 61909 | Geh:7    | Found the +7 sceptre of Asmodeus
 61909 | Geh:7    | Identified the ring "Niyr" {Drain rElec rPois rF++ Dex+6}
 61909 | Geh:7    | Noticed Asmodeus
 61925 | Geh:7    | Killed Asmodeus
 61934 | Geh:7    | Identified the +6 scale mail of the Ego {SInv}
 61935 | Geh:7    | Identified the +0 helmet of the Thirteen Demons {rElec
                  | Will++ Dex-5}
 61936 | Geh:7    | Got an obsidian rune of Zot
 62146 | Pan      | Entered Pandemonium
 62277 | Pan      | Noticed Basumyl the pandemonium lord
 62285 | Pan      | Killed Basumyl the pandemonium lord
 62349 | Pan      | Got a demonic rune of Zot
 62423 | Pan      | Entered the realm of Mnoleg.
 62457 | Pan      | Gained mutation: You are dopey. (Int -2) [a shining eye]
 62467 | Pan      | Gained mutation: You frequently scream uncontrollably at
                  | your foes. [a cacodemon]
 62603 | Pan      | Noticed Mnoleg
 62618 | Pan      | Killed Mnoleg
 62684 | Pan      | Got a glowing rune of Zot
 62766 | Pan      | Entered the realm of Lom Lobon.
 62961 | Pan      | // no brilliance, only 1 magic
 62964 | Pan      | Noticed Lom Lobon
 62978 | Pan      | Killed Lom Lobon
 63005 | Pan      | Got a magical rune of Zot
 63048 | Pan      | Entered the realm of Cerebov.
 63339 | Pan      | Identified the +1 helmet of the Game Afoot {rF++ rC+++
                  | Int-5}
 63371 | Pan      | Identified the ring of the Bruised Nightcaps {Wiz rElec}
 63512 | Pan      | Found the +6 sword of Cerebov {flame}
 63512 | Pan      | Noticed Cerebov
 63710 | Pan      | Killed Cerebov
 63711 | Pan      | Reached skill level 22 in Fighting
 63711 | Pan      | Reached skill level 15 in Stealth
 63727 | Pan      | Got a fiery rune of Zot
 63926 | Pan      | Entered the realm of Gloorx Vloq.
 64595 | Pan      | Noticed Gloorx Vloq
 64602 | Pan      | Killed Gloorx Vloq
 64641 | Pan      | Got a dark rune of Zot
 64809 | Pan      | Gained mutation: You are clumsy. (Dex -2) [a cacodemon]
 64895 | Pan      | Reached skill level 23 in Fighting
 64969 | Pan      | Found an exit through the horrors of the Abyss.
 64979 | Pan      | Took an exit into the Abyss.
 64979 | Abyss:1  | Escaped into the Abyss
 64989 | Depths:3 | Escaped the Abyss
 65238 | Depths:5 | Found a gate to the Realm of Zot.
 65252 | Zot:1    | Entered Level 1 of the Realm of Zot
 65932 | Zot:4    | Reached skill level 24 in Fighting
 66043 | Zot:5    | Entered Level 5 of the Realm of Zot
 66185 | Zot:5    | Noticed an orb of fire
 66189 | Zot:5    | Learned a level 2 spell: Wereblood
 66195 | Zot:5    | Noticed an orb of fire
 66197 | Zot:5    | Killed an orb of fire
 66199 | Zot:5    | Noticed an orb of fire
 66203 | Zot:5    | Killed an orb of fire
 66203 | Zot:5    | Killed an orb of fire
 66204 | Zot:5    | Reached skill level 25 in Fighting
 66213 | Zot:5    | Noticed an ancient lich
 66218 | Zot:5    | Killed an ancient lich
 66219 | Zot:5    | Noticed an ancient lich
 66225 | Zot:5    | // scarabs in corridor aren't the best thing
 66228 | Zot:5    | Killed an ancient lich
 66238 | Zot:5    | Noticed an ancient lich
 66239 | Zot:5    | Noticed an orb of fire
 66252 | Zot:5    | Killed an ancient lich
 66259 | Zot:5    | Killed an orb of fire
 66260 | Zot:5    | Reached skill level 26 in Fighting
 66270 | Zot:5    | Noticed an ancient lich
 66274 | Zot:5    | Killed an ancient lich
 66275 | Zot:5    | Noticed an ancient lich
 66279 | Zot:5    | Killed an ancient lich
 66284 | Zot:5    | Noticed an ancient lich
 66297 | Zot:5    | Killed an ancient lich
 66774 | Zot:5    | Lost mutation: You frequently scream uncontrollably at your
                  | foes. [potion of mutation]
 66774 | Zot:5    | Lost mutation: You are dopey. (Int -2) [potion of mutation]
 66774 | Zot:5    | Gained mutation: You frequently scream uncontrollably at
                  | your foes. [potion of mutation]
 66774 | Zot:5    | Gained mutation: You are strong-willed. (Will+) [potion of
                  | mutation]
 66774 | Zot:5    | Gained mutation: Your flesh is cold resistant. (rC+)
                  | [potion of mutation]
 66853 | Zot:5    | Got the Orb of Zot
 67323 | D:3      | Noticed Zuneab the pandemonium lord
 67384 | D:$      | Escaped with the Orb!

Illustrated notes ####### #.....# ### #.....#### #.. #........# #.# #.....##.## #.# #....@##..## #.# ###.####...##### #.. #.# #........# #.# #.# ##...###.## #.# #.# #....[...# #.# ###.# ##.####..# #.. #...# #.# #..# #.# #.### #.####..# #.# #.# #.......####.# Turn 16685 on D:11: // 6 blink-scrolls for trove

#...##P#.........................
#..#.............................
..##.............#...............
....##......^...###.^............
...............^###..............
...#.......^..^##^#..............
#.............##^^^..............
#.............#^^^...^...........
#...........^..^@^...............
#P.........#...^^^^..............
..........##^...#^^^.............
#.........#^^^^..###.............
#..........##^^...###...........#
............###..................
#................................
.......................)......###
#..†............#.............###


Turn 22385 on Lair:4: // not working without sinv/inv # ##. # .⌠. #. # ... #. #
... #. ### #.# ### ### ##. #.## #.# #.###.# ##.# ##.## #.# ##.##.# ##.## ###.##
#.#######.#.###.### # ##.## #.@................ # ##.## ##.########.#.####.
######.########.#########..## #.# ............?..................##
########.####.##########..###.##. # ##.##.## #.#.##.##.. # ##..## ##.##.#.##...
##########..#########.###..###... )))...................≈≈≈........ Turn 34511
on Elf:3: // attraction or not ? .#..# #..# #..## +.#.# #.## ### ##..# #...#
##.#######.# #..# +.#.# #.+..≈≈...## ####.### ###.# #..≈≈≈≈≈≈≈≈### #....... #
#.# #.≈≈≈≈≈≈≈≈...###....... # #.## ####≈≈≈≈≈≈≈≈≈≈....#.......
###.P###.##.≈≈≈≈≈.≈≈≈.##.'....... ..........'≈≈≈≈.@.≈≈≈.####.......
.P#.##.#.##.≈≈≈≈.≈≈≈≈.## #..#.### .##.#######.≈≈≈≈≈≈≈≈≈≈.# ###..# P##.#
#^.≈≈≈≈≈≈≈≈.## #.## ###.# ##.≈≈≈≈≈≈≈.## ##.# #.# ###.≈.≈...## ####..### ###.##
#.........####..##.#.## .....# #..........##.......... .....#
#.........'.#.......... Turn 42983 on Lair:1: // infestation, throwing
(javelins) worked **************************** ,,,,,,,,,,,,,,,,,,,,,,,,,,,****
,,,,,,,,,,******,,,,,,,,,,,,,,** ,,,,,,,,,**##****,,,,,,,,,,,,,,*
,,,,,,,,*###φ.##**,,,^,,,,,,,,,* ,,,,,,***#......##**,,,,,,,,,,,** ,,,,,**
#......z8# **,,,,,,,,,,,* ,,,,,* ##....MMWM#* *,,,,,,,,,,,*
,,,.####...M4MzWBB****,,,,,,,,,,* ^.^......†.88MMMW.M,,,,,,,,,,,,,*
,........†.MMMbBB...,,,,,,,,,,,,* ,.^.!..M.†8MBMB8.....^,,,^,,,,^,*
,.....M.8.L.MMs.......,,,,,,,,,** ,....?.8M...8..........,,,,,,,,*
,.....MBM§M8.....§,,,,,,,,^,,,** Turn 50778 on Tomb:3: // this went extremely
bad. Got blinked into the worst part ..## #.. ...## ##.. #.≈######..# #### ##
###...... .## ≈≈≈≈≈≈≈# # .....#.... . .......≈##.##..#'#.##..#
......#................ ..#..⌠..........@.....# .8_. .....##.##.........
≈≈≈≈≈≈≈...##.##..#.#.#.. #+#+##...#. .#...##..# ##.#.#....##.##..... #..
......$.#..#..#. #. ..#....∩._.## ##. . ' ..##....#. ##§# .. ..##. ..##. #..#
Turn 52578 on Abyss:3: // rune vault but silenced area, won't go ... #...##3.##
.# . ... # ..#.†##.# .## ≈≈ #....#...#.... § . #..#...x..##.#. . #≈ .##...###.
.... ... .....#..#....3#§§## . #..#.... ##§x§§# # # #X.#.. # #### . # ... . #.
.#8## . ....... .###§# ..... ...#....# §... . .......G#.. ...#...# .. #_.. ..
.... ..v.. ..### #. # ..##.. .. . . . . ... .4 .. Turn 53001 on Abyss:4: // got
total sourrounded while threatened :) .# ##..###.#...#..##..##.....[.. #..
#.#..##....###.##..##........ #.##.#........###.>..........##.
#............##..............#. .#.....................>#......
##.##............................ ..###(...#.....###......#........
#..#......#....#8#......##....... ...............'@#...............
#..#...........#8#............... #......#.......###...............
..#.............................. .##.).......................§....
..#......................^..§§... #...........................§§...
##..............:..........≈§≈§.. .#...#.##..........≈.......≈§≈≈≈. Turn 53471
on Depths:1: // got out after losing much too much consumables. without a weapon
(staff of elements) my offensive lacks a lot ...## .### ..... ## ..... ## #...##
≈≈### #.).## ≈≈≈≈## ##≈..### ≈≈≈≈≈# ##≈≈≈...## ≈≈≈≈≈## ##≈≈≈≈≈...# ≈≈≈≈≈.#
###≈≈≈≈≈@...# ≈≈≈≈≈.###≈≈≈≈≈≈.....# ≈≈≈≈.......≈≈≈≈.....# ≈≈≈.....≈≈≈)........#
≈≈...###≈≈≈≈≈≈≈≈...## ....## ##≈≈≈≈≈≈≈≈.## ..### ####≈≈≈≈### ### ###### # Turn
62961 on Pan: // no brilliance, only 1 magic ###**** ****###*,************* #.#
#pp,,,,,,,,,,,,^,, #.# #L#,*************, #.# #.(,* *, ..# #p#** *, #.# #.# *,
#.# #B# *, #.# #.# *, #.# #@# *, #.# ####+#######* *, #.###########..)........*
*, #.....⌠...))')..........* *, #.###.#######......^....* *, #.# #.#
#...........* *, #.# #.# #...........* *, ..# #.## #...........********, ###
#⌠.# #...........+,,,,,,,, Turn 66225 on Zot:5: // scarabs in corridor aren't
the best thing

Levels and vault maps discovered:
D:1:      minmay_arrival_hallway, layout_loops_ring,
          shapermc_ecumenical_altar_mp_vishouse, serial_park_tiny_1,
          minmay_indecisive_spiral
D:2:      layout_basic, serial_bayou, serial_bayou_shore_a, serial_bayou_pond_a,
          serial_bayou_crossing, serial_bayou_lake_a
D:3:      minmay_diamond_boxcup, layout_basic, amcnicky_altar_gilded,
          serial_curves, eino_curves_03, eino_curves_02,
          hangedman_decor_clover_reticule, minivault_25, minmay_rat_hole
D:4:      layout_basic, nicolae_vehumet_altar_sigil, elyvilon_altar_5,
          serial_shops, nicolae_shop_crystal
D:5:      cheibrodos_thug_alley, layout_cave_pools, nicolae_specific_store,
          amethyst_killhole, minmay_door_square, skrybe_limestone_x
D:6:      layout_cave_pools, nicolae_uskayaw_suspiria
D:7:      layout_basic, minmay_temple_entry_sparse_star,
          kennysheep_generic_room_16, uniq_maggie
D:8:      layout_basic, mainiacjoe_overflow_alcove_2, item_on_display_a
D:9:      layout_cave_pools, tgw_fedhas, grunt_lair_entry_orc_guard_hut
D:10:     layout_roguey, nicolae_qazlal_scattered_showers,
          nicolae_overflow_crystal_walls, orc_0_dummy
D:11:     layout_loops_ring, uniq_psyche
D:12:     layout_roguey, nicolae_shop_firing_range
D:13:     layout_rooms, skrybe_vaults_entry_preservation
D:14:     layout_rooms, nicolae_trove_entry_free_sample, minmay_misc_feat_alley
D:15:     hangedman_slaughterboxes
Lair:1:   layout_roguey, infiniplex_staircase_pool_2, grunt_megastairs_3
Lair:2:   layout_cave_pods, shoals_dummy_entry
Lair:3:   pond_and_an_island_with_a_cottage, layout_regular_city,
          serial_bayou_shore_b, lemuel_fruit_tree
Lair:4:   layout_layer_cave, spider_nest_entry_webs,
          hangedman_lair_unloving_vines
Lair:5:   layout_regular_city, nicolae_slime_entry_slimehenge
Lair:6:   due_jungle_book, layout_cave_pods, serial_forest,
          infiniplex_forest_straight_2, infiniplex_forest_diagonal,
          infiniplex_forest_end_3, infiniplex_forest_straight_4,
          infiniplex_forest_zigzag_1, serial_bayou_pond_c
Shoals:1: layout_shoals, gammafunk_ghost_cemetery
Shoals:2: layout_shoals, uniq_ilsuiw, uniq_frances
Shoals:3: cheibrodos_shoals_satyrical_garden, layout_shoals, serial_shops, shop,
          shop, nicolae_shoals_secluded_bog
Shoals:4: shoals_end_hangedman, layout_shoals, nicolae_shoals_lost_giant_temple
Spider:1: nicolae_spider_hall_of_the_moth_king, gammafunk_ghost_arena
Spider:2: layout_chambers, uniq_arachne, uniq_kirke
Spider:3: layout_spider_delve
Spider:4: grunt_spider_rune_parallel, drop_trap,
          nicolae_spider_nooks_and_crannies
Slime:1:  layout_caves
Slime:2:  layout_caves
Slime:3:  nicolae_slime_pool, layout_caves
Slime:4:  layout_caves, basic_altar, cheibrodos_slime_lost_civilization_5
Slime:5
Orc:1:    layout_caves, enter_bailey_2, nicolae_orc_tapped_out
Orc:2:    st_orc_elflike, layout_caves, basic_altar, uniq_maurice
Elf:1:    elf_arrival_001, layout_gridlike, serial_shops, bzr_entry_dummy,
          hangedman_elf_disciples, grunt_megastairs_4
Elf:2:    elven_hall_of_blades_hangedman_original
          [nicolae_blade_entry_diamond_columns], layout_geoelf_octagon,
          serial_shops, shop, mu_enter_wizlab_5, einodemon_crawler_minivault,
          uniq_azrael, uniq_roxanne
Elf:3:    grunt_elf_hall_diamonds, layout_rooms, serial_shops,
          nicolae_shop_waterfront, nicolae_elf_big_sculpture_3, uniq_louise
Vaults:1: vaults_standard_mumra_enter_the_diamond, v_misc_33,
          nicolae_vaults_circle_grid_b, nicolae_vaults_yaktaur_gun_rack,
          hangedman_vaults_maws, grunt_vaults_hallway_long,
          vaults_mumra_minichess, vaults_room_door_hall,
          nicolae_vaults_diagonal_hallway_8, layout_vaults_omnigrid,
          uniq_nikola, uniq_asterion
Vaults:2: minmay_crypt_entry_nasty_monster, nicolae_vaults_network_square,
          hangedman_vaults_slice, nicolae_vaults_windows_and_doors_thing,
          vaults_room_door_hall, hangedman_vaults_snaps, vaults_room_pool,
          hangedman_vaults_nails, nicolae_vaults_rhombus_5,
          layout_vaults_omnicross, serial_shops, shop
Vaults:3: sword_in_stone, hangedman_vaults_slither, v_misc_9, vaults_dpeg_cross,
          nicolae_vaults_theta, v_misc_25, nicolae_vaults_disjoint_gnomons,
          vaults_room_door_hall, v_misc_22, v_alt_pattern_5,
          nicolae_vaults_three_branches, vaults_room_door_ring,
          vaults_room_pool, layout_vaults_maze_snakey
Vaults:4: v_alt_pattern_6, v_misc_13, hangedman_vaults_locks,
          hangedman_vaults_maws, vaults_room_fancy_cross,
          dpeg_vaults_monster_box, v_alt_pattern_6,
          hangedman_vaults_stretched_pinwheel, v_misc_9, v_misc_24,
          ontoclasm_vaults_decontamination, ontoclasm_vaults_claustrophobia,
          vaults_dpeg_hooks, layout_vaults_ring, serial_shops, shop
Vaults:5
Crypt:1:  layout_misc_corridors, grunt_ministairs_13
Crypt:2:  evilmike_wizard_prison, layout_regular_city, nzn_ghost_randoct,
          uniq_margery, uniq_mennas
Crypt:3:  evilmike_haunted_forest
Tomb:1
Tomb:2:   uniq_sojobo, uniq_jory
Tomb:3
Depths:1: layout_cave_shapes, abyss_entry_small_statue_room, hellmouth_3,
          chequers_serial_rivers_marsh, minivault_22, kennysheep_generic_room_4,
          minmay_shop_star, serial_bayou_shore_b
Depths:2: hangedman_grunt_twisty_little_passages, layout_gridville,
          kennysheep_small_spiral, hell_entry, uniq_aizul
Depths:3: minmay_nine_rooms, layout_gridlike, enter_ziggurat_b,
          hangedman_abyss_entry_splay, grunt_pan_entry_in_and_out,
          serial_corexii_hall, chequers_hall_statues_wall_a,
          corexii_hall_statues_x, hell_entry, bloody_trog,
          kennysheep_small_square
Depths:4: kennysheep_water_balloons, layout_gridlike, abyss_entry,
          hangedman_geh_valley, minmay_misc_feat_four_crosses, uniq_mara,
          uniq_boris
Depths:5: evilmike_zot_entry_round, layout_gridville, hangedman_decor_points,
          pan_entry, grunt_hell_entry_dis_grunt, corexii_corridor_pit
Hell
Dis:1:    layout_jigsaw, grunt_megastairs_2
Dis:2:    layout_subdivisions
Dis:3:    layout_chaotic_city
Dis:4:    layout_subdivisions
Dis:5:    layout_subdivisions
Dis:6:    layout_subdivisions, lemuel_elevator
Dis:7:    dis_hangedman
Geh:1:    layout_gehenna_pools_box
Geh:2:    layout_gehenna_pools_box
Geh:3:    layout_gehenna_pools_box, nicolae_geh_lava_in_the_way
Geh:4:    layout_gehenna_pools_basic
Geh:5:    layout_gehenna_pools_triple, minmay_fire_ice_demons
Geh:6:    layout_gehenna_lava_caves
Geh:7:    geh_grunt_pentagon
Coc:1:    layout_ice_bergs
Coc:2:    layout_cocytus_water_paths
Coc:3:    layout_cocytus_water_paths
Coc:4:    layout_ice_bergs
Coc:5:    layout_cocytus_water_paths
Coc:6:    layout_cocytus_water_paths
Coc:7:    coc_grunt_cove [coc_grunt_cove_antaeus, coc_grunt_cove_fiend,
          coc_grunt_cove_fiend, coc_grunt_cove_fiend, coc_grunt_cove_fiend]
Tar:1:    layout_honeycomb
Tar:2:    layout_honeycomb
Tar:3:    layout_honeycomb, nicolae_tar_cuneiform_three, lemuel_elevator,
          grunt_megastairs_1
Tar:5:    layout_grid_maze, hangedman_tartarus_temple_path
Tar:6:    layout_catacombs
Tar:7:    tar_minmay_river
Zot:1:    layout_twisted_circle
Zot:2:    kennysheep_bubbly, layout_concentric_octagons
Zot:3:    layout_misc_corridors, grunt_megastairs_5
Zot:4:    grunt_twist_and_shout, layout_onion
Zot:5:    layout_gridlike

Skill      XL: |  1  2  3  4  5  6  7  8  9 10 11 12 13 14 15 16 17 18 19 20 21 22 23 24 25 26 27 |
---------------+----------------------------------------------------------------------------------+-----
Spellcasting   | 2 3 4 5 7 8 9 10 11 13 15 16 17 18 | 18.0
Earth Magic    | 3 4 5 6 8 9 10 11 12 13 14 15 | 15.0
Stealth        | 2 3 4 6 7 15 | 15.0
Dodging        | 2 3 4 5 6 8 9 11 17 | 17.0
Conjurations   | 1 2 |  2.0
Fighting       | 1 2 4 6 8 9 11 13 15 16 26 | 26.8
Throwing       | 2 3 5 6 7 8 9 10 11 16 | 16.0
Transmutations | 1 2 |  2.0
Evocations     | 2 5 6 7 10 13 | 13.0
Axes           | 2 4 6 8 9 10 11 20 | 20.0
Armour         | 2 3 4 5 6 8 11 | 11.0
Shields        | 4 11 13 14 15 | 15.0
Necromancy     | 2 3 5 11 12 14 15 16 17 | 17.0
Hexes          | 7 8 |  8.0
Translocations | 3 |  3.0
Summonings     | 2 4 |  4.0
Fire Magic     | 8 15 16 17 | 17.0
Staves         | 12 | 12.0

Action                   |  1- 3 |  4- 6 |  7- 9 | 10-12 | 13-15 | 16-18 | 19-21 | 22-24 | 25-27 || total
-------------------------+-------+-------+-------+-------+-------+-------+-------+-------+-------++-------
Melee: Club              |     1 |    18 |       |       |       |       |       |       |       ||    19
       Dagger            |       |       |    15 |       |       |       |       |       |       ||    15
       Broad axe         |       |       |       |    52 |       |       |       |       |    80 ||   132
       Whip              |       |       |       |   208 |    82 |    21 |       |       |       ||   311
       Staff             |       |       |       |       |       |     4 |       |   196 |   820 ||  1020
       Scimitar          |       |       |       |       |       |       |       |     1 |       ||     1
       Trishula          |       |       |       |       |       |       |       |       |   772 ||   772
 Fire: Hunting sling     |       |    31 |    65 |       |       |       |       |       |       ||    96
Throw: Dart              |       |    10 |    60 |    56 |    27 |    15 |       |       |     2 ||   170
       Boomerang         |       |       |       |    29 |    57 |   236 |    32 |    50 |    56 ||   460
       Javelin           |       |       |       |    24 |    15 |       |       |   171 |   261 ||   471
       Throwing net      |       |       |       |       |       |       |       |     2 |     5 ||     7
 Cast: Sandblast         |    53 |    54 |    91 |    64 |    12 |    11 |       |       |       ||   285
       Stone Arrow       |       |    15 |    10 |       |    42 |       |       |     3 |       ||    70
       Passwall          |       |     1 |     4 |     1 |       |     4 |       |     2 |    27 ||    39
       Petrify           |       |       |     9 |     3 |    36 |    34 |     6 |       |       ||    88
       Lee's Rapid Decon |       |       |    23 |   148 |   543 |   754 |   522 |   265 |    98 ||  2353
       Sublimation of Bl |       |       |       |    21 |   256 |   251 |   130 |   105 |   141 ||   904
       Apportation       |       |       |       |       |       |       |     3 |    66 |    45 ||   114
       Borgnjor's Vile C |       |       |       |       |       |       |    12 |    99 |   177 ||   288
       Infestation       |       |       |       |       |       |       |     3 |   122 |   230 ||   355
       Statue Form       |       |       |       |       |       |       |       |     4 |    68 ||    72
       Ignition          |       |       |       |       |       |       |       |     2 |   159 ||   161
       Invisibility      |       |       |       |       |       |       |       |       |    13 ||    13
       Haunt             |       |       |       |       |       |       |       |       |    12 ||    12
       Passage of Golubr |       |       |       |       |       |       |       |       |     5 ||     5
       Portal Projectile |       |       |       |       |       |       |       |       |     4 ||     4
       Blink             |       |       |       |       |       |       |       |       |     4 ||     4
       Wereblood         |       |       |       |       |       |       |       |       |     4 ||     4
 Abil: End Transformatio |       |       |       |       |       |       |       |     2 |    29 ||    31
Evoke: Wand              |       |       |       |    15 |     8 |    83 |       |    15 |     8 ||   129
       Condenser vane    |       |       |       |       |     1 |     5 |     2 |     2 |       ||    10
       Phial of floods   |       |       |       |       |       |     2 |       |       |       ||     2
       Tin of tremorston |       |       |       |       |       |     8 |     3 |     5 |     4 ||    20
       Box of beasts     |       |       |       |       |       |       |       |       |     3 ||     3
       Phantom mirror    |       |       |       |       |       |       |       |       |     3 ||     3
       Figurine of a zig |       |       |       |       |       |       |       |       |     1 ||     1
  Use: Scroll            |       |     4 |     7 |     3 |    17 |    22 |     5 |    14 |    44 ||   116
       Potion            |       |       |     3 |       |     2 |     8 |     6 |     3 |    62 ||    84
 Stab: Petrified         |       |       |    10 |     9 |       |       |       |       |       ||    19
       Distracted        |       |       |       |       |       |       |       |     4 |    46 ||    50
       Invisible         |       |       |       |       |       |       |       |       |    24 ||    24
       Sleeping          |       |       |       |       |       |       |       |       |     4 ||     4
Armor: Robe              |     1 |     8 |     8 |       |       |       |       |       |       ||    17
       Steam dragon scal |       |       |     2 |    96 |   101 |       |       |       |       ||   199
       Leather armour    |       |       |       |       |       |   118 |    34 |   123 |   240 ||   515
       Ring mail         |       |       |       |       |       |    46 |       |       |       ||    46
       Skin              |       |       |       |       |       |       |       |    32 |   415 ||   447
Dodge: Dodged            |     4 |    40 |    23 |   201 |   124 |   189 |    60 |   195 |   989 ||  1825
Block: Buckler           |       |       |       |    55 |    54 |       |       |       |       ||   109
       Kite shield       |       |       |       |       |       |   395 |   143 |   332 |  1509 ||  2379
       Reflection        |       |       |       |       |       |    61 |    34 |    20 |    17 ||   132
       Rpst.: Scimitar   |       |       |       |       |       |     4 |     7 |       |       ||    11
